%YAML 1.1
%TAG !u! tag:unity3d.com,2011:
--- !u!29 &1
OcclusionCullingSettings:
  m_ObjectHideFlags: 0
  serializedVersion: 2
  m_OcclusionBakeSettings:
    smallestOccluder: 5
    smallestHole: 0.25
    backfaceThreshold: 100
  m_SceneGUID: 00000000000000000000000000000000
  m_OcclusionCullingData: {fileID: 0}
--- !u!104 &2
RenderSettings:
  m_ObjectHideFlags: 0
  serializedVersion: 9
  m_Fog: 0
  m_FogColor: {r: 0.5, g: 0.5, b: 0.5, a: 1}
  m_FogMode: 3
  m_FogDensity: 0.01
  m_LinearFogStart: 0
  m_LinearFogEnd: 300
  m_AmbientSkyColor: {r: 0.212, g: 0.227, b: 0.259, a: 1}
  m_AmbientEquatorColor: {r: 0.114, g: 0.125, b: 0.133, a: 1}
  m_AmbientGroundColor: {r: 0.047, g: 0.043, b: 0.035, a: 1}
  m_AmbientIntensity: 1
  m_AmbientMode: 0
  m_SubtractiveShadowColor: {r: 0.42, g: 0.478, b: 0.627, a: 1}
  m_SkyboxMaterial: {fileID: 10304, guid: 0000000000000000f000000000000000, type: 0}
  m_HaloStrength: 0.5
  m_FlareStrength: 1
  m_FlareFadeSpeed: 3
  m_HaloTexture: {fileID: 0}
  m_SpotCookie: {fileID: 10001, guid: 0000000000000000e000000000000000, type: 0}
  m_DefaultReflectionMode: 0
  m_DefaultReflectionResolution: 128
  m_ReflectionBounces: 1
  m_ReflectionIntensity: 1
  m_CustomReflection: {fileID: 0}
  m_Sun: {fileID: 0}
  m_IndirectSpecularColor: {r: 0.44971085, g: 0.4997782, b: 0.57563365, a: 1}
  m_UseRadianceAmbientProbe: 0
--- !u!157 &3
LightmapSettings:
  m_ObjectHideFlags: 0
  serializedVersion: 12
  m_GIWorkflowMode: 1
  m_GISettings:
    serializedVersion: 2
    m_BounceScale: 1
    m_IndirectOutputScale: 1
    m_AlbedoBoost: 1
    m_EnvironmentLightingMode: 0
    m_EnableBakedLightmaps: 1
    m_EnableRealtimeLightmaps: 0
  m_LightmapEditorSettings:
    serializedVersion: 12
    m_Resolution: 2
    m_BakeResolution: 40
    m_AtlasSize: 1024
    m_AO: 0
    m_AOMaxDistance: 1
    m_CompAOExponent: 1
    m_CompAOExponentDirect: 0
    m_ExtractAmbientOcclusion: 0
    m_Padding: 2
    m_LightmapParameters: {fileID: 0}
    m_LightmapsBakeMode: 1
    m_TextureCompression: 1
    m_FinalGather: 0
    m_FinalGatherFiltering: 1
    m_FinalGatherRayCount: 256
    m_ReflectionCompression: 2
    m_MixedBakeMode: 2
    m_BakeBackend: 1
    m_PVRSampling: 1
    m_PVRDirectSampleCount: 32
    m_PVRSampleCount: 512
    m_PVRBounces: 2
    m_PVREnvironmentSampleCount: 256
    m_PVREnvironmentReferencePointCount: 2048
    m_PVRFilteringMode: 1
    m_PVRDenoiserTypeDirect: 1
    m_PVRDenoiserTypeIndirect: 1
    m_PVRDenoiserTypeAO: 1
    m_PVRFilterTypeDirect: 0
    m_PVRFilterTypeIndirect: 0
    m_PVRFilterTypeAO: 0
    m_PVREnvironmentMIS: 1
    m_PVRCulling: 1
    m_PVRFilteringGaussRadiusDirect: 1
    m_PVRFilteringGaussRadiusIndirect: 5
    m_PVRFilteringGaussRadiusAO: 2
    m_PVRFilteringAtrousPositionSigmaDirect: 0.5
    m_PVRFilteringAtrousPositionSigmaIndirect: 2
    m_PVRFilteringAtrousPositionSigmaAO: 1
    m_ExportTrainingData: 0
    m_TrainingDataDestination: TrainingData
    m_LightProbeSampleCountMultiplier: 4
  m_LightingDataAsset: {fileID: 112000000, guid: 8c10045f25644f44499a72f8342af5c0, type: 2}
  m_LightingSettings: {fileID: 0}
--- !u!196 &4
NavMeshSettings:
  serializedVersion: 2
  m_ObjectHideFlags: 0
  m_BuildSettings:
    serializedVersion: 2
    agentTypeID: 0
    agentRadius: 0.5
    agentHeight: 2
    agentSlope: 45
    agentClimb: 0.4
    ledgeDropHeight: 0
    maxJumpAcrossDistance: 0
    minRegionArea: 2
    manualCellSize: 0
    cellSize: 0.16666667
    manualTileSize: 0
    tileSize: 256
    accuratePlacement: 0
    maxJobWorkers: 0
    preserveTilesOutsideBounds: 0
    debug:
      m_Flags: 0
  m_NavMeshData: {fileID: 0}
--- !u!114 &66186942 stripped
MonoBehaviour:
  m_CorrespondingSourceObject: {fileID: 3952175078069063661, guid: e696c80b7aaf48a45a59557510aa4684, type: 3}
  m_PrefabInstance: {fileID: 1617510057}
  m_PrefabAsset: {fileID: 0}
  m_GameObject: {fileID: 0}
  m_Enabled: 1
  m_EditorHideFlags: 0
  m_Script: {fileID: 11500000, guid: 4e29b1a8efbd4b44bb3f3716e73f07ff, type: 3}
  m_Name: 
  m_EditorClassIdentifier: 
--- !u!1001 &77804536
PrefabInstance:
  m_ObjectHideFlags: 0
  serializedVersion: 2
  m_Modification:
    m_TransformParent: {fileID: 1011808958}
    m_Modifications:
    - target: {fileID: 1000014219097406, guid: a4ea7ad660a6e4241aff4002d350fe80, type: 3}
      propertyPath: m_Name
      value: Road_set_v1_s_tile_3
      objectReference: {fileID: 0}
    - target: {fileID: 4000013974182346, guid: a4ea7ad660a6e4241aff4002d350fe80, type: 3}
      propertyPath: m_RootOrder
      value: 12
      objectReference: {fileID: 0}
    - target: {fileID: 4000013974182346, guid: a4ea7ad660a6e4241aff4002d350fe80, type: 3}
      propertyPath: m_LocalScale.y
      value: 1
      objectReference: {fileID: 0}
    - target: {fileID: 4000013974182346, guid: a4ea7ad660a6e4241aff4002d350fe80, type: 3}
      propertyPath: m_LocalScale.z
      value: 1
      objectReference: {fileID: 0}
    - target: {fileID: 4000013974182346, guid: a4ea7ad660a6e4241aff4002d350fe80, type: 3}
      propertyPath: m_LocalPosition.x
      value: -6.866087
      objectReference: {fileID: 0}
    - target: {fileID: 4000013974182346, guid: a4ea7ad660a6e4241aff4002d350fe80, type: 3}
      propertyPath: m_LocalPosition.y
      value: -2.0330942
      objectReference: {fileID: 0}
    - target: {fileID: 4000013974182346, guid: a4ea7ad660a6e4241aff4002d350fe80, type: 3}
      propertyPath: m_LocalPosition.z
      value: -0.27238643
      objectReference: {fileID: 0}
    - target: {fileID: 4000013974182346, guid: a4ea7ad660a6e4241aff4002d350fe80, type: 3}
      propertyPath: m_LocalRotation.w
      value: 1
      objectReference: {fileID: 0}
    - target: {fileID: 4000013974182346, guid: a4ea7ad660a6e4241aff4002d350fe80, type: 3}
      propertyPath: m_LocalRotation.x
      value: -0
      objectReference: {fileID: 0}
    - target: {fileID: 4000013974182346, guid: a4ea7ad660a6e4241aff4002d350fe80, type: 3}
      propertyPath: m_LocalRotation.y
      value: -0
      objectReference: {fileID: 0}
    - target: {fileID: 4000013974182346, guid: a4ea7ad660a6e4241aff4002d350fe80, type: 3}
      propertyPath: m_LocalRotation.z
      value: -0
      objectReference: {fileID: 0}
    m_RemovedComponents: []
  m_SourcePrefab: {fileID: 100100000, guid: a4ea7ad660a6e4241aff4002d350fe80, type: 3}
--- !u!4 &77804537 stripped
Transform:
  m_CorrespondingSourceObject: {fileID: 4000013974182346, guid: a4ea7ad660a6e4241aff4002d350fe80, type: 3}
  m_PrefabInstance: {fileID: 77804536}
  m_PrefabAsset: {fileID: 0}
--- !u!1 &91069096
GameObject:
  m_ObjectHideFlags: 0
  m_CorrespondingSourceObject: {fileID: 0}
  m_PrefabInstance: {fileID: 0}
  m_PrefabAsset: {fileID: 0}
  serializedVersion: 6
  m_Component:
  - component: {fileID: 91069097}
  - component: {fileID: 91069099}
  - component: {fileID: 91069098}
  m_Layer: 0
  m_Name: EventSystem
  m_TagString: Untagged
  m_Icon: {fileID: 0}
  m_NavMeshLayer: 0
  m_StaticEditorFlags: 0
  m_IsActive: 1
--- !u!4 &91069097
Transform:
  m_ObjectHideFlags: 0
  m_CorrespondingSourceObject: {fileID: 0}
  m_PrefabInstance: {fileID: 0}
  m_PrefabAsset: {fileID: 0}
  m_GameObject: {fileID: 91069096}
  m_LocalRotation: {x: -0, y: -0, z: -0, w: 1}
  m_LocalPosition: {x: -6.866087, y: -2.0330942, z: -0.27238643}
  m_LocalScale: {x: 1, y: 1, z: 1}
  m_ConstrainProportionsScale: 0
  m_Children: []
  m_Father: {fileID: 1862373717}
  m_RootOrder: 0
  m_LocalEulerAnglesHint: {x: 0, y: 0, z: 0}
--- !u!114 &91069098
MonoBehaviour:
  m_ObjectHideFlags: 0
  m_CorrespondingSourceObject: {fileID: 0}
  m_PrefabInstance: {fileID: 0}
  m_PrefabAsset: {fileID: 0}
  m_GameObject: {fileID: 91069096}
  m_Enabled: 1
  m_EditorHideFlags: 0
  m_Script: {fileID: 11500000, guid: 4f231c4fb786f3946a6b90b886c48677, type: 3}
  m_Name: 
  m_EditorClassIdentifier: 
  m_SendPointerHoverToParent: 1
  m_HorizontalAxis: Horizontal
  m_VerticalAxis: Vertical
  m_SubmitButton: Submit
  m_CancelButton: Cancel
  m_InputActionsPerSecond: 10
  m_RepeatDelay: 0.5
  m_ForceModuleActive: 0
--- !u!114 &91069099
MonoBehaviour:
  m_ObjectHideFlags: 0
  m_CorrespondingSourceObject: {fileID: 0}
  m_PrefabInstance: {fileID: 0}
  m_PrefabAsset: {fileID: 0}
  m_GameObject: {fileID: 91069096}
  m_Enabled: 1
  m_EditorHideFlags: 0
  m_Script: {fileID: 11500000, guid: 76c392e42b5098c458856cdf6ecaaaa1, type: 3}
  m_Name: 
  m_EditorClassIdentifier: 
  m_FirstSelected: {fileID: 0}
  m_sendNavigationEvents: 1
  m_DragThreshold: 10
--- !u!1001 &443882244
PrefabInstance:
  m_ObjectHideFlags: 0
  serializedVersion: 2
  m_Modification:
    m_TransformParent: {fileID: 1011808958}
    m_Modifications:
    - target: {fileID: 4000013603223344, guid: 65feeeb562c61c744aa87b8eb394ffcf, type: 3}
      propertyPath: m_RootOrder
      value: 3
      objectReference: {fileID: 0}
    - target: {fileID: 4000013603223344, guid: 65feeeb562c61c744aa87b8eb394ffcf, type: 3}
      propertyPath: m_LocalScale.x
      value: 1
      objectReference: {fileID: 0}
    - target: {fileID: 4000013603223344, guid: 65feeeb562c61c744aa87b8eb394ffcf, type: 3}
      propertyPath: m_LocalScale.y
      value: 1
      objectReference: {fileID: 0}
    - target: {fileID: 4000013603223344, guid: 65feeeb562c61c744aa87b8eb394ffcf, type: 3}
      propertyPath: m_LocalScale.z
      value: 1
      objectReference: {fileID: 0}
    - target: {fileID: 4000013603223344, guid: 65feeeb562c61c744aa87b8eb394ffcf, type: 3}
      propertyPath: m_LocalPosition.x
      value: -9.89
      objectReference: {fileID: 0}
    - target: {fileID: 4000013603223344, guid: 65feeeb562c61c744aa87b8eb394ffcf, type: 3}
      propertyPath: m_LocalPosition.y
      value: 4.41
      objectReference: {fileID: 0}
    - target: {fileID: 4000013603223344, guid: 65feeeb562c61c744aa87b8eb394ffcf, type: 3}
      propertyPath: m_LocalPosition.z
      value: -9.5
      objectReference: {fileID: 0}
    - target: {fileID: 4000013603223344, guid: 65feeeb562c61c744aa87b8eb394ffcf, type: 3}
      propertyPath: m_LocalRotation.w
      value: 0.7071068
      objectReference: {fileID: 0}
    - target: {fileID: 4000013603223344, guid: 65feeeb562c61c744aa87b8eb394ffcf, type: 3}
      propertyPath: m_LocalRotation.x
      value: -0
      objectReference: {fileID: 0}
    - target: {fileID: 4000013603223344, guid: 65feeeb562c61c744aa87b8eb394ffcf, type: 3}
      propertyPath: m_LocalRotation.y
      value: -0.7071068
      objectReference: {fileID: 0}
    - target: {fileID: 4000013603223344, guid: 65feeeb562c61c744aa87b8eb394ffcf, type: 3}
      propertyPath: m_LocalRotation.z
      value: -0
      objectReference: {fileID: 0}
    - target: {fileID: 4000013603223344, guid: 65feeeb562c61c744aa87b8eb394ffcf, type: 3}
      propertyPath: m_LocalEulerAnglesHint.x
      value: 0
      objectReference: {fileID: 0}
    - target: {fileID: 4000013603223344, guid: 65feeeb562c61c744aa87b8eb394ffcf, type: 3}
      propertyPath: m_LocalEulerAnglesHint.y
      value: -90
      objectReference: {fileID: 0}
    m_RemovedComponents: []
  m_SourcePrefab: {fileID: 100100000, guid: 65feeeb562c61c744aa87b8eb394ffcf, type: 3}
--- !u!4 &443882245 stripped
Transform:
  m_CorrespondingSourceObject: {fileID: 4000013603223344, guid: 65feeeb562c61c744aa87b8eb394ffcf, type: 3}
  m_PrefabInstance: {fileID: 443882244}
  m_PrefabAsset: {fileID: 0}
--- !u!1001 &511458128
PrefabInstance:
  m_ObjectHideFlags: 0
  serializedVersion: 2
  m_Modification:
    m_TransformParent: {fileID: 1011808958}
    m_Modifications:
    - target: {fileID: 4000011405514568, guid: dfec00be6c7c5b944991547485554901, type: 3}
      propertyPath: m_RootOrder
      value: 6
      objectReference: {fileID: 0}
    - target: {fileID: 4000011405514568, guid: dfec00be6c7c5b944991547485554901, type: 3}
      propertyPath: m_LocalPosition.x
      value: -32.36
      objectReference: {fileID: 0}
    - target: {fileID: 4000011405514568, guid: dfec00be6c7c5b944991547485554901, type: 3}
      propertyPath: m_LocalPosition.y
      value: -1.9
      objectReference: {fileID: 0}
    - target: {fileID: 4000011405514568, guid: dfec00be6c7c5b944991547485554901, type: 3}
      propertyPath: m_LocalPosition.z
      value: -17.68
      objectReference: {fileID: 0}
    - target: {fileID: 4000011405514568, guid: dfec00be6c7c5b944991547485554901, type: 3}
      propertyPath: m_LocalRotation.w
      value: 1
      objectReference: {fileID: 0}
    - target: {fileID: 4000011405514568, guid: dfec00be6c7c5b944991547485554901, type: 3}
      propertyPath: m_LocalRotation.x
      value: -0
      objectReference: {fileID: 0}
    - target: {fileID: 4000011405514568, guid: dfec00be6c7c5b944991547485554901, type: 3}
      propertyPath: m_LocalRotation.y
      value: -0
      objectReference: {fileID: 0}
    - target: {fileID: 4000011405514568, guid: dfec00be6c7c5b944991547485554901, type: 3}
      propertyPath: m_LocalRotation.z
      value: -0
      objectReference: {fileID: 0}
    - target: {fileID: 4000011405514568, guid: dfec00be6c7c5b944991547485554901, type: 3}
      propertyPath: m_LocalEulerAnglesHint.y
      value: 0
      objectReference: {fileID: 0}
    m_RemovedComponents: []
  m_SourcePrefab: {fileID: 100100000, guid: dfec00be6c7c5b944991547485554901, type: 3}
--- !u!4 &511458129 stripped
Transform:
  m_CorrespondingSourceObject: {fileID: 4000011405514568, guid: dfec00be6c7c5b944991547485554901, type: 3}
  m_PrefabInstance: {fileID: 511458128}
  m_PrefabAsset: {fileID: 0}
--- !u!1 &520711020
GameObject:
  m_ObjectHideFlags: 0
  m_CorrespondingSourceObject: {fileID: 0}
  m_PrefabInstance: {fileID: 0}
  m_PrefabAsset: {fileID: 0}
  serializedVersion: 6
  m_Component:
  - component: {fileID: 520711023}
  - component: {fileID: 520711022}
  - component: {fileID: 520711021}
  - component: {fileID: 520711024}
  m_Layer: 0
  m_Name: '[CAMERA]'
  m_TagString: MainCamera
  m_Icon: {fileID: 0}
  m_NavMeshLayer: 0
  m_StaticEditorFlags: 0
  m_IsActive: 1
--- !u!81 &520711021
AudioListener:
  m_ObjectHideFlags: 0
  m_CorrespondingSourceObject: {fileID: 0}
  m_PrefabInstance: {fileID: 0}
  m_PrefabAsset: {fileID: 0}
  m_GameObject: {fileID: 520711020}
  m_Enabled: 1
--- !u!20 &520711022
Camera:
  m_ObjectHideFlags: 0
  m_CorrespondingSourceObject: {fileID: 0}
  m_PrefabInstance: {fileID: 0}
  m_PrefabAsset: {fileID: 0}
  m_GameObject: {fileID: 520711020}
  m_Enabled: 1
  serializedVersion: 2
  m_ClearFlags: 1
  m_BackGroundColor: {r: 0.19215687, g: 0.3019608, b: 0.4745098, a: 0}
  m_projectionMatrixMode: 1
  m_GateFitMode: 2
  m_FOVAxisMode: 0
  m_SensorSize: {x: 36, y: 24}
  m_LensShift: {x: 0, y: 0}
  m_FocalLength: 50
  m_NormalizedViewPortRect:
    serializedVersion: 2
    x: 0
    y: 0
    width: 1
    height: 1
  near clip plane: 0.3
  far clip plane: 1000
  field of view: 60
  orthographic: 0
  orthographic size: 5
  m_Depth: -1
  m_CullingMask:
    serializedVersion: 2
    m_Bits: 4294967295
  m_RenderingPath: -1
  m_TargetTexture: {fileID: 0}
  m_TargetDisplay: 0
  m_TargetEye: 3
  m_HDR: 1
  m_AllowMSAA: 1
  m_AllowDynamicResolution: 0
  m_ForceIntoRT: 0
  m_OcclusionCulling: 1
  m_StereoConvergence: 10
  m_StereoSeparation: 0.022
--- !u!4 &520711023
Transform:
  m_ObjectHideFlags: 0
  m_CorrespondingSourceObject: {fileID: 0}
  m_PrefabInstance: {fileID: 0}
  m_PrefabAsset: {fileID: 0}
  m_GameObject: {fileID: 520711020}
  m_LocalRotation: {x: 0, y: -0.9914449, z: 0.13052616, w: 0}
  m_LocalPosition: {x: -24.750185, y: 0.66, z: 4.81}
  m_LocalScale: {x: 1, y: 1, z: 1}
  m_ConstrainProportionsScale: 0
  m_Children: []
  m_Father: {fileID: 0}
  m_RootOrder: 0
  m_LocalEulerAnglesHint: {x: 15, y: -180, z: 0}
--- !u!114 &520711024
MonoBehaviour:
  m_ObjectHideFlags: 0
  m_CorrespondingSourceObject: {fileID: 0}
  m_PrefabInstance: {fileID: 0}
  m_PrefabAsset: {fileID: 0}
  m_GameObject: {fileID: 520711020}
  m_Enabled: 1
  m_EditorHideFlags: 0
  m_Script: {fileID: 11500000, guid: 948f4100a11a5c24981795d21301da5c, type: 3}
  m_Name: 
  m_EditorClassIdentifier: 
  volumeTrigger: {fileID: 520711023}
  volumeLayer:
    serializedVersion: 2
    m_Bits: 8
  stopNaNPropagation: 0
  finalBlitToCameraTarget: 0
  antialiasingMode: 1
  temporalAntialiasing:
    jitterSpread: 0.75
    sharpness: 0.25
    stationaryBlending: 0.95
    motionBlending: 0.85
  subpixelMorphologicalAntialiasing:
    quality: 2
  fastApproximateAntialiasing:
    fastMode: 1
    keepAlpha: 0
  fog:
    enabled: 1
    excludeSkybox: 1
  debugLayer:
    lightMeter:
      width: 512
      height: 256
      showCurves: 1
    histogram:
      width: 512
      height: 256
      channel: 3
    waveform:
      exposure: 0.12
      height: 256
    vectorscope:
      size: 256
      exposure: 0.12
    overlaySettings:
      linearDepth: 0
      motionColorIntensity: 4
      motionGridSize: 64
      colorBlindnessType: 0
      colorBlindnessStrength: 1
  m_Resources: {fileID: 11400000, guid: d82512f9c8e5d4a4d938b575d47f88d4, type: 2}
  m_ShowToolkit: 1
  m_ShowCustomSorter: 0
  breakBeforeColorGrading: 0
  m_BeforeTransparentBundles: []
  m_BeforeStackBundles: []
  m_AfterStackBundles: []
--- !u!1001 &561102834
PrefabInstance:
  m_ObjectHideFlags: 0
  serializedVersion: 2
  m_Modification:
    m_TransformParent: {fileID: 1292958509}
    m_Modifications:
    - target: {fileID: 3209860210449712915, guid: 8028dc42ae90ec34ab6ec148c3536806, type: 3}
      propertyPath: m_Name
      value: Music
      objectReference: {fileID: 0}
    - target: {fileID: 3209860210449712916, guid: 8028dc42ae90ec34ab6ec148c3536806, type: 3}
      propertyPath: m_RootOrder
      value: 1
      objectReference: {fileID: 0}
    - target: {fileID: 3209860210449712916, guid: 8028dc42ae90ec34ab6ec148c3536806, type: 3}
      propertyPath: m_LocalPosition.x
      value: 0
      objectReference: {fileID: 0}
    - target: {fileID: 3209860210449712916, guid: 8028dc42ae90ec34ab6ec148c3536806, type: 3}
      propertyPath: m_LocalPosition.y
      value: 0
      objectReference: {fileID: 0}
    - target: {fileID: 3209860210449712916, guid: 8028dc42ae90ec34ab6ec148c3536806, type: 3}
      propertyPath: m_LocalPosition.z
      value: 0
      objectReference: {fileID: 0}
    - target: {fileID: 3209860210449712916, guid: 8028dc42ae90ec34ab6ec148c3536806, type: 3}
      propertyPath: m_LocalRotation.w
      value: 1
      objectReference: {fileID: 0}
    - target: {fileID: 3209860210449712916, guid: 8028dc42ae90ec34ab6ec148c3536806, type: 3}
      propertyPath: m_LocalRotation.x
      value: 0
      objectReference: {fileID: 0}
    - target: {fileID: 3209860210449712916, guid: 8028dc42ae90ec34ab6ec148c3536806, type: 3}
      propertyPath: m_LocalRotation.y
      value: 0
      objectReference: {fileID: 0}
    - target: {fileID: 3209860210449712916, guid: 8028dc42ae90ec34ab6ec148c3536806, type: 3}
      propertyPath: m_LocalRotation.z
      value: 0
      objectReference: {fileID: 0}
    - target: {fileID: 3209860210449712916, guid: 8028dc42ae90ec34ab6ec148c3536806, type: 3}
      propertyPath: m_LocalEulerAnglesHint.x
      value: 0
      objectReference: {fileID: 0}
    - target: {fileID: 3209860210449712916, guid: 8028dc42ae90ec34ab6ec148c3536806, type: 3}
      propertyPath: m_LocalEulerAnglesHint.y
      value: 0
      objectReference: {fileID: 0}
    - target: {fileID: 3209860210449712916, guid: 8028dc42ae90ec34ab6ec148c3536806, type: 3}
      propertyPath: m_LocalEulerAnglesHint.z
      value: 0
      objectReference: {fileID: 0}
    m_RemovedComponents: []
  m_SourcePrefab: {fileID: 100100000, guid: 8028dc42ae90ec34ab6ec148c3536806, type: 3}
--- !u!114 &561102835 stripped
MonoBehaviour:
  m_CorrespondingSourceObject: {fileID: 3209860210449712918, guid: 8028dc42ae90ec34ab6ec148c3536806, type: 3}
  m_PrefabInstance: {fileID: 561102834}
  m_PrefabAsset: {fileID: 0}
  m_GameObject: {fileID: 0}
  m_Enabled: 1
  m_EditorHideFlags: 0
  m_Script: {fileID: 11500000, guid: f1b2d0e877250814db2017b40eba94a0, type: 3}
  m_Name: 
  m_EditorClassIdentifier: 
--- !u!4 &561102836 stripped
Transform:
  m_CorrespondingSourceObject: {fileID: 3209860210449712916, guid: 8028dc42ae90ec34ab6ec148c3536806, type: 3}
  m_PrefabInstance: {fileID: 561102834}
  m_PrefabAsset: {fileID: 0}
--- !u!1001 &751176630
PrefabInstance:
  m_ObjectHideFlags: 0
  serializedVersion: 2
  m_Modification:
    m_TransformParent: {fileID: 1292958509}
    m_Modifications:
    - target: {fileID: 1665886346502719912, guid: c2feb37e8833cf5458d93c5cf61b358f, type: 3}
      propertyPath: m_Name
      value: SoundEffectController
      objectReference: {fileID: 0}
    - target: {fileID: 1665886346502719913, guid: c2feb37e8833cf5458d93c5cf61b358f, type: 3}
      propertyPath: m_RootOrder
      value: 2
      objectReference: {fileID: 0}
    - target: {fileID: 1665886346502719913, guid: c2feb37e8833cf5458d93c5cf61b358f, type: 3}
      propertyPath: m_LocalPosition.x
      value: 0
      objectReference: {fileID: 0}
    - target: {fileID: 1665886346502719913, guid: c2feb37e8833cf5458d93c5cf61b358f, type: 3}
      propertyPath: m_LocalPosition.y
      value: 0
      objectReference: {fileID: 0}
    - target: {fileID: 1665886346502719913, guid: c2feb37e8833cf5458d93c5cf61b358f, type: 3}
      propertyPath: m_LocalPosition.z
      value: 0
      objectReference: {fileID: 0}
    - target: {fileID: 1665886346502719913, guid: c2feb37e8833cf5458d93c5cf61b358f, type: 3}
      propertyPath: m_LocalRotation.w
      value: 1
      objectReference: {fileID: 0}
    - target: {fileID: 1665886346502719913, guid: c2feb37e8833cf5458d93c5cf61b358f, type: 3}
      propertyPath: m_LocalRotation.x
      value: 0
      objectReference: {fileID: 0}
    - target: {fileID: 1665886346502719913, guid: c2feb37e8833cf5458d93c5cf61b358f, type: 3}
      propertyPath: m_LocalRotation.y
      value: 0
      objectReference: {fileID: 0}
    - target: {fileID: 1665886346502719913, guid: c2feb37e8833cf5458d93c5cf61b358f, type: 3}
      propertyPath: m_LocalRotation.z
      value: 0
      objectReference: {fileID: 0}
    - target: {fileID: 1665886346502719913, guid: c2feb37e8833cf5458d93c5cf61b358f, type: 3}
      propertyPath: m_LocalEulerAnglesHint.x
      value: 0
      objectReference: {fileID: 0}
    - target: {fileID: 1665886346502719913, guid: c2feb37e8833cf5458d93c5cf61b358f, type: 3}
      propertyPath: m_LocalEulerAnglesHint.y
      value: 0
      objectReference: {fileID: 0}
    - target: {fileID: 1665886346502719913, guid: c2feb37e8833cf5458d93c5cf61b358f, type: 3}
      propertyPath: m_LocalEulerAnglesHint.z
      value: 0
      objectReference: {fileID: 0}
    m_RemovedComponents: []
  m_SourcePrefab: {fileID: 100100000, guid: c2feb37e8833cf5458d93c5cf61b358f, type: 3}
--- !u!4 &751176631 stripped
Transform:
  m_CorrespondingSourceObject: {fileID: 1665886346502719913, guid: c2feb37e8833cf5458d93c5cf61b358f, type: 3}
  m_PrefabInstance: {fileID: 751176630}
  m_PrefabAsset: {fileID: 0}
--- !u!1001 &782195269
PrefabInstance:
  m_ObjectHideFlags: 0
  serializedVersion: 2
  m_Modification:
    m_TransformParent: {fileID: 1011808958}
    m_Modifications:
    - target: {fileID: 352763424201986350, guid: 49b8597ffde242743869fbba2f9f03e7, type: 3}
      propertyPath: m_Name
      value: PostProcessingVolume
      objectReference: {fileID: 0}
    - target: {fileID: 352763424201986351, guid: 49b8597ffde242743869fbba2f9f03e7, type: 3}
      propertyPath: m_RootOrder
      value: 1
      objectReference: {fileID: 0}
    - target: {fileID: 352763424201986351, guid: 49b8597ffde242743869fbba2f9f03e7, type: 3}
      propertyPath: m_LocalPosition.x
      value: -29.184612
      objectReference: {fileID: 0}
    - target: {fileID: 352763424201986351, guid: 49b8597ffde242743869fbba2f9f03e7, type: 3}
      propertyPath: m_LocalPosition.y
      value: -1.3718911
      objectReference: {fileID: 0}
    - target: {fileID: 352763424201986351, guid: 49b8597ffde242743869fbba2f9f03e7, type: 3}
      propertyPath: m_LocalPosition.z
      value: -6.5712547
      objectReference: {fileID: 0}
    - target: {fileID: 352763424201986351, guid: 49b8597ffde242743869fbba2f9f03e7, type: 3}
      propertyPath: m_LocalRotation.w
      value: 1
      objectReference: {fileID: 0}
    - target: {fileID: 352763424201986351, guid: 49b8597ffde242743869fbba2f9f03e7, type: 3}
      propertyPath: m_LocalRotation.x
      value: -0
      objectReference: {fileID: 0}
    - target: {fileID: 352763424201986351, guid: 49b8597ffde242743869fbba2f9f03e7, type: 3}
      propertyPath: m_LocalRotation.y
      value: -0
      objectReference: {fileID: 0}
    - target: {fileID: 352763424201986351, guid: 49b8597ffde242743869fbba2f9f03e7, type: 3}
      propertyPath: m_LocalRotation.z
      value: -0
      objectReference: {fileID: 0}
    - target: {fileID: 352763424201986351, guid: 49b8597ffde242743869fbba2f9f03e7, type: 3}
      propertyPath: m_LocalEulerAnglesHint.x
      value: 0
      objectReference: {fileID: 0}
    - target: {fileID: 352763424201986351, guid: 49b8597ffde242743869fbba2f9f03e7, type: 3}
      propertyPath: m_LocalEulerAnglesHint.y
      value: 0
      objectReference: {fileID: 0}
    - target: {fileID: 352763424201986351, guid: 49b8597ffde242743869fbba2f9f03e7, type: 3}
      propertyPath: m_LocalEulerAnglesHint.z
      value: 0
      objectReference: {fileID: 0}
    m_RemovedComponents: []
  m_SourcePrefab: {fileID: 100100000, guid: 49b8597ffde242743869fbba2f9f03e7, type: 3}
--- !u!4 &782195270 stripped
Transform:
  m_CorrespondingSourceObject: {fileID: 352763424201986351, guid: 49b8597ffde242743869fbba2f9f03e7, type: 3}
  m_PrefabInstance: {fileID: 782195269}
  m_PrefabAsset: {fileID: 0}
--- !u!114 &782195271 stripped
MonoBehaviour:
  m_CorrespondingSourceObject: {fileID: 352763424201986344, guid: 49b8597ffde242743869fbba2f9f03e7, type: 3}
  m_PrefabInstance: {fileID: 782195269}
  m_PrefabAsset: {fileID: 0}
  m_GameObject: {fileID: 0}
  m_Enabled: 1
  m_EditorHideFlags: 0
  m_Script: {fileID: 11500000, guid: 8b9a305e18de0c04dbd257a21cd47087, type: 3}
  m_Name: 
  m_EditorClassIdentifier: 
--- !u!1001 &862204693
PrefabInstance:
  m_ObjectHideFlags: 0
  serializedVersion: 2
  m_Modification:
    m_TransformParent: {fileID: 1011808958}
    m_Modifications:
    - target: {fileID: 1000012364095318, guid: a62abbb708e3f49489bde29e5cfc3ebd, type: 3}
      propertyPath: m_Name
      value: Barrel_v3_single_1
      objectReference: {fileID: 0}
    - target: {fileID: 4000011713300004, guid: a62abbb708e3f49489bde29e5cfc3ebd, type: 3}
      propertyPath: m_RootOrder
      value: 10
      objectReference: {fileID: 0}
    - target: {fileID: 4000011713300004, guid: a62abbb708e3f49489bde29e5cfc3ebd, type: 3}
      propertyPath: m_LocalScale.y
      value: 1
      objectReference: {fileID: 0}
    - target: {fileID: 4000011713300004, guid: a62abbb708e3f49489bde29e5cfc3ebd, type: 3}
      propertyPath: m_LocalScale.z
      value: 1
      objectReference: {fileID: 0}
    - target: {fileID: 4000011713300004, guid: a62abbb708e3f49489bde29e5cfc3ebd, type: 3}
      propertyPath: m_LocalPosition.x
      value: -28.52
      objectReference: {fileID: 0}
    - target: {fileID: 4000011713300004, guid: a62abbb708e3f49489bde29e5cfc3ebd, type: 3}
      propertyPath: m_LocalPosition.y
      value: -1.696
      objectReference: {fileID: 0}
    - target: {fileID: 4000011713300004, guid: a62abbb708e3f49489bde29e5cfc3ebd, type: 3}
      propertyPath: m_LocalPosition.z
      value: -5.11
      objectReference: {fileID: 0}
    - target: {fileID: 4000011713300004, guid: a62abbb708e3f49489bde29e5cfc3ebd, type: 3}
      propertyPath: m_LocalRotation.w
      value: 0.6830127
      objectReference: {fileID: 0}
    - target: {fileID: 4000011713300004, guid: a62abbb708e3f49489bde29e5cfc3ebd, type: 3}
      propertyPath: m_LocalRotation.x
      value: 0.6830127
      objectReference: {fileID: 0}
    - target: {fileID: 4000011713300004, guid: a62abbb708e3f49489bde29e5cfc3ebd, type: 3}
      propertyPath: m_LocalRotation.y
      value: -0.18301274
      objectReference: {fileID: 0}
    - target: {fileID: 4000011713300004, guid: a62abbb708e3f49489bde29e5cfc3ebd, type: 3}
      propertyPath: m_LocalRotation.z
      value: 0.18301274
      objectReference: {fileID: 0}
    - target: {fileID: 4000011713300004, guid: a62abbb708e3f49489bde29e5cfc3ebd, type: 3}
      propertyPath: m_LocalEulerAnglesHint.x
      value: 90
      objectReference: {fileID: 0}
    - target: {fileID: 4000011713300004, guid: a62abbb708e3f49489bde29e5cfc3ebd, type: 3}
      propertyPath: m_LocalEulerAnglesHint.z
      value: 30
      objectReference: {fileID: 0}
    m_RemovedComponents: []
  m_SourcePrefab: {fileID: 100100000, guid: a62abbb708e3f49489bde29e5cfc3ebd, type: 3}
--- !u!4 &862204694 stripped
Transform:
  m_CorrespondingSourceObject: {fileID: 4000011713300004, guid: a62abbb708e3f49489bde29e5cfc3ebd, type: 3}
  m_PrefabInstance: {fileID: 862204693}
  m_PrefabAsset: {fileID: 0}
--- !u!1001 &874697299
PrefabInstance:
  m_ObjectHideFlags: 0
  serializedVersion: 2
  m_Modification:
    m_TransformParent: {fileID: 1788197487}
    m_Modifications:
    - target: {fileID: 6925665318013768913, guid: cf2633d49c6684af6a264ec2e0233c37, type: 3}
      propertyPath: m_PresetInfoIsWorld
      value: 1
      objectReference: {fileID: 0}
    - target: {fileID: 6956331753187096802, guid: cf2633d49c6684af6a264ec2e0233c37, type: 3}
      propertyPath: m_RootOrder
      value: 1
      objectReference: {fileID: 0}
    - target: {fileID: 6956331753187096802, guid: cf2633d49c6684af6a264ec2e0233c37, type: 3}
      propertyPath: m_LocalPosition.x
      value: -22.44
      objectReference: {fileID: 0}
    - target: {fileID: 6956331753187096802, guid: cf2633d49c6684af6a264ec2e0233c37, type: 3}
      propertyPath: m_LocalPosition.y
      value: -2.133
      objectReference: {fileID: 0}
    - target: {fileID: 6956331753187096802, guid: cf2633d49c6684af6a264ec2e0233c37, type: 3}
      propertyPath: m_LocalPosition.z
      value: -0
      objectReference: {fileID: 0}
    - target: {fileID: 6956331753187096802, guid: cf2633d49c6684af6a264ec2e0233c37, type: 3}
      propertyPath: m_LocalRotation.w
      value: 0.7071068
      objectReference: {fileID: 0}
    - target: {fileID: 6956331753187096802, guid: cf2633d49c6684af6a264ec2e0233c37, type: 3}
      propertyPath: m_LocalRotation.x
      value: 0
      objectReference: {fileID: 0}
    - target: {fileID: 6956331753187096802, guid: cf2633d49c6684af6a264ec2e0233c37, type: 3}
      propertyPath: m_LocalRotation.y
      value: -0.7071068
      objectReference: {fileID: 0}
    - target: {fileID: 6956331753187096802, guid: cf2633d49c6684af6a264ec2e0233c37, type: 3}
      propertyPath: m_LocalRotation.z
      value: 0
      objectReference: {fileID: 0}
    - target: {fileID: 6956331753187096802, guid: cf2633d49c6684af6a264ec2e0233c37, type: 3}
      propertyPath: m_LocalEulerAnglesHint.x
      value: 0
      objectReference: {fileID: 0}
    - target: {fileID: 6956331753187096802, guid: cf2633d49c6684af6a264ec2e0233c37, type: 3}
      propertyPath: m_LocalEulerAnglesHint.y
      value: -90
      objectReference: {fileID: 0}
    - target: {fileID: 6956331753187096802, guid: cf2633d49c6684af6a264ec2e0233c37, type: 3}
      propertyPath: m_LocalEulerAnglesHint.z
      value: 0
      objectReference: {fileID: 0}
    - target: {fileID: 6956331753187096803, guid: cf2633d49c6684af6a264ec2e0233c37, type: 3}
      propertyPath: m_Name
      value: Player
      objectReference: {fileID: 0}
    - target: {fileID: 8732321917664323209, guid: cf2633d49c6684af6a264ec2e0233c37, type: 3}
      propertyPath: m_Camera
      value: 
      objectReference: {fileID: 520711022}
    m_RemovedComponents: []
  m_SourcePrefab: {fileID: 100100000, guid: cf2633d49c6684af6a264ec2e0233c37, type: 3}
--- !u!4 &874697300 stripped
Transform:
  m_CorrespondingSourceObject: {fileID: 6956331753187096802, guid: cf2633d49c6684af6a264ec2e0233c37, type: 3}
  m_PrefabInstance: {fileID: 874697299}
  m_PrefabAsset: {fileID: 0}
--- !u!114 &874697301 stripped
MonoBehaviour:
  m_CorrespondingSourceObject: {fileID: 3993700599393016665, guid: cf2633d49c6684af6a264ec2e0233c37, type: 3}
  m_PrefabInstance: {fileID: 874697299}
  m_PrefabAsset: {fileID: 0}
  m_GameObject: {fileID: 0}
  m_Enabled: 1
  m_EditorHideFlags: 0
  m_Script: {fileID: 11500000, guid: 65cf481f21a513340b24b84d5c1d0168, type: 3}
  m_Name: 
  m_EditorClassIdentifier: 
--- !u!1001 &1001153619
PrefabInstance:
  m_ObjectHideFlags: 0
  serializedVersion: 2
  m_Modification:
    m_TransformParent: {fileID: 1292958509}
    m_Modifications:
    - target: {fileID: 5244997712609344696, guid: a7bd71cda6ee7ac44b441e3fb8d2ae6e, type: 3}
      propertyPath: music
      value: 
      objectReference: {fileID: 561102835}
    - target: {fileID: 5244997712609344696, guid: a7bd71cda6ee7ac44b441e3fb8d2ae6e, type: 3}
      propertyPath: postProcessing
      value: 
      objectReference: {fileID: 782195271}
    - target: {fileID: 5244997712609344696, guid: a7bd71cda6ee7ac44b441e3fb8d2ae6e, type: 3}
      propertyPath: players.Array.size
      value: 1
      objectReference: {fileID: 0}
    - target: {fileID: 5244997712609344696, guid: a7bd71cda6ee7ac44b441e3fb8d2ae6e, type: 3}
      propertyPath: enemies.Array.data[0]
      value: 
      objectReference: {fileID: 2103942118}
    - target: {fileID: 5244997712609344696, guid: a7bd71cda6ee7ac44b441e3fb8d2ae6e, type: 3}
      propertyPath: enemies.Array.data[1]
      value: 
      objectReference: {fileID: 1781938635}
    - target: {fileID: 5244997712609344696, guid: a7bd71cda6ee7ac44b441e3fb8d2ae6e, type: 3}
      propertyPath: players.Array.data[0]
      value: 
      objectReference: {fileID: 874697301}
    - target: {fileID: 5244997712609344696, guid: a7bd71cda6ee7ac44b441e3fb8d2ae6e, type: 3}
      propertyPath: uiController.menuGroup
      value: 
      objectReference: {fileID: 1617510066}
    - target: {fileID: 5244997712609344696, guid: a7bd71cda6ee7ac44b441e3fb8d2ae6e, type: 3}
      propertyPath: uiController.menuButton
      value: 
      objectReference: {fileID: 1617510061}
    - target: {fileID: 5244997712609344696, guid: a7bd71cda6ee7ac44b441e3fb8d2ae6e, type: 3}
      propertyPath: uiController.gameWonLabel
      value: 
      objectReference: {fileID: 1617510059}
    - target: {fileID: 5244997712609344696, guid: a7bd71cda6ee7ac44b441e3fb8d2ae6e, type: 3}
      propertyPath: uiController.confirmButton
      value: 
      objectReference: {fileID: 1617510063}
    - target: {fileID: 5244997712609344696, guid: a7bd71cda6ee7ac44b441e3fb8d2ae6e, type: 3}
      propertyPath: uiController.gameLostLabel
      value: 
      objectReference: {fileID: 1617510060}
    - target: {fileID: 5244997712609344696, guid: a7bd71cda6ee7ac44b441e3fb8d2ae6e, type: 3}
      propertyPath: uiController.continueButton
      value: 
      objectReference: {fileID: 1617510065}
    - target: {fileID: 5244997712609344696, guid: a7bd71cda6ee7ac44b441e3fb8d2ae6e, type: 3}
      propertyPath: uiController.callSniperButton
      value: 
      objectReference: {fileID: 66186942}
    - target: {fileID: 5244997712609344696, guid: a7bd71cda6ee7ac44b441e3fb8d2ae6e, type: 3}
      propertyPath: uiController.gameControlsGroup
      value: 
      objectReference: {fileID: 1617510064}
    - target: {fileID: 5244997712609344696, guid: a7bd71cda6ee7ac44b441e3fb8d2ae6e, type: 3}
      propertyPath: uiController.selectEnemyButton
      value: 
      objectReference: {fileID: 1617510062}
    - target: {fileID: 5244997712609344702, guid: a7bd71cda6ee7ac44b441e3fb8d2ae6e, type: 3}
      propertyPath: m_Name
      value: GameController
      objectReference: {fileID: 0}
    - target: {fileID: 5244997712609344703, guid: a7bd71cda6ee7ac44b441e3fb8d2ae6e, type: 3}
      propertyPath: m_RootOrder
      value: 0
      objectReference: {fileID: 0}
    - target: {fileID: 5244997712609344703, guid: a7bd71cda6ee7ac44b441e3fb8d2ae6e, type: 3}
      propertyPath: m_LocalPosition.x
      value: -6.866087
      objectReference: {fileID: 0}
    - target: {fileID: 5244997712609344703, guid: a7bd71cda6ee7ac44b441e3fb8d2ae6e, type: 3}
      propertyPath: m_LocalPosition.y
      value: -2.0330942
      objectReference: {fileID: 0}
    - target: {fileID: 5244997712609344703, guid: a7bd71cda6ee7ac44b441e3fb8d2ae6e, type: 3}
      propertyPath: m_LocalPosition.z
      value: -0.27238643
      objectReference: {fileID: 0}
    - target: {fileID: 5244997712609344703, guid: a7bd71cda6ee7ac44b441e3fb8d2ae6e, type: 3}
      propertyPath: m_LocalRotation.w
      value: 1
      objectReference: {fileID: 0}
    - target: {fileID: 5244997712609344703, guid: a7bd71cda6ee7ac44b441e3fb8d2ae6e, type: 3}
      propertyPath: m_LocalRotation.x
      value: -0
      objectReference: {fileID: 0}
    - target: {fileID: 5244997712609344703, guid: a7bd71cda6ee7ac44b441e3fb8d2ae6e, type: 3}
      propertyPath: m_LocalRotation.y
      value: -0
      objectReference: {fileID: 0}
    - target: {fileID: 5244997712609344703, guid: a7bd71cda6ee7ac44b441e3fb8d2ae6e, type: 3}
      propertyPath: m_LocalRotation.z
      value: -0
      objectReference: {fileID: 0}
    - target: {fileID: 5244997712609344703, guid: a7bd71cda6ee7ac44b441e3fb8d2ae6e, type: 3}
      propertyPath: m_LocalEulerAnglesHint.x
      value: 0
      objectReference: {fileID: 0}
    - target: {fileID: 5244997712609344703, guid: a7bd71cda6ee7ac44b441e3fb8d2ae6e, type: 3}
      propertyPath: m_LocalEulerAnglesHint.y
      value: 0
      objectReference: {fileID: 0}
    - target: {fileID: 5244997712609344703, guid: a7bd71cda6ee7ac44b441e3fb8d2ae6e, type: 3}
      propertyPath: m_LocalEulerAnglesHint.z
      value: 0
      objectReference: {fileID: 0}
    m_RemovedComponents: []
  m_SourcePrefab: {fileID: 100100000, guid: a7bd71cda6ee7ac44b441e3fb8d2ae6e, type: 3}
--- !u!114 &1001153620 stripped
MonoBehaviour:
  m_CorrespondingSourceObject: {fileID: 5244997712609344696, guid: a7bd71cda6ee7ac44b441e3fb8d2ae6e, type: 3}
  m_PrefabInstance: {fileID: 1001153619}
  m_PrefabAsset: {fileID: 0}
  m_GameObject: {fileID: 0}
  m_Enabled: 1
  m_EditorHideFlags: 0
  m_Script: {fileID: 11500000, guid: 8ad7b2f2647a1d1418d4e0fcbf6b0186, type: 3}
  m_Name: 
  m_EditorClassIdentifier: 
--- !u!4 &1001153621 stripped
Transform:
  m_CorrespondingSourceObject: {fileID: 5244997712609344703, guid: a7bd71cda6ee7ac44b441e3fb8d2ae6e, type: 3}
  m_PrefabInstance: {fileID: 1001153619}
  m_PrefabAsset: {fileID: 0}
--- !u!1 &1011808957
GameObject:
  m_ObjectHideFlags: 0
  m_CorrespondingSourceObject: {fileID: 0}
  m_PrefabInstance: {fileID: 0}
  m_PrefabAsset: {fileID: 0}
  serializedVersion: 6
  m_Component:
  - component: {fileID: 1011808958}
  m_Layer: 0
  m_Name: '[ENVIRONMENT]'
  m_TagString: Untagged
  m_Icon: {fileID: 0}
  m_NavMeshLayer: 0
  m_StaticEditorFlags: 0
  m_IsActive: 1
--- !u!4 &1011808958
Transform:
  m_ObjectHideFlags: 0
  m_CorrespondingSourceObject: {fileID: 0}
  m_PrefabInstance: {fileID: 0}
  m_PrefabAsset: {fileID: 0}
  m_GameObject: {fileID: 1011808957}
  m_LocalRotation: {x: 0, y: 0, z: 0, w: 1}
  m_LocalPosition: {x: 0, y: 0, z: 0}
  m_LocalScale: {x: 1, y: 1, z: 1}
  m_ConstrainProportionsScale: 0
  m_Children:
  - {fileID: 1426354504}
  - {fileID: 782195270}
  - {fileID: 1260766489}
  - {fileID: 443882245}
  - {fileID: 1444998740}
  - {fileID: 1699985351}
  - {fileID: 511458129}
  - {fileID: 2054895095}
  - {fileID: 1741614913}
  - {fileID: 1489158336}
  - {fileID: 862204694}
  - {fileID: 1471638727}
  - {fileID: 77804537}
  m_Father: {fileID: 0}
  m_RootOrder: 2
  m_LocalEulerAnglesHint: {x: 0, y: 0, z: 0}
--- !u!1001 &1260766488
PrefabInstance:
  m_ObjectHideFlags: 0
  serializedVersion: 2
  m_Modification:
    m_TransformParent: {fileID: 1011808958}
    m_Modifications:
    - target: {fileID: 4000010721903726, guid: aa63f99e99a3f454e85eff556a0b996f, type: 3}
      propertyPath: m_RootOrder
      value: 2
      objectReference: {fileID: 0}
    - target: {fileID: 4000010721903726, guid: aa63f99e99a3f454e85eff556a0b996f, type: 3}
      propertyPath: m_LocalScale.y
      value: 1
      objectReference: {fileID: 0}
    - target: {fileID: 4000010721903726, guid: aa63f99e99a3f454e85eff556a0b996f, type: 3}
      propertyPath: m_LocalScale.z
      value: 1
      objectReference: {fileID: 0}
    - target: {fileID: 4000010721903726, guid: aa63f99e99a3f454e85eff556a0b996f, type: 3}
      propertyPath: m_LocalPosition.x
      value: -41.83
      objectReference: {fileID: 0}
    - target: {fileID: 4000010721903726, guid: aa63f99e99a3f454e85eff556a0b996f, type: 3}
      propertyPath: m_LocalPosition.y
      value: -2.33
      objectReference: {fileID: 0}
    - target: {fileID: 4000010721903726, guid: aa63f99e99a3f454e85eff556a0b996f, type: 3}
      propertyPath: m_LocalPosition.z
      value: -0.83
      objectReference: {fileID: 0}
    - target: {fileID: 4000010721903726, guid: aa63f99e99a3f454e85eff556a0b996f, type: 3}
      propertyPath: m_LocalRotation.w
      value: 1
      objectReference: {fileID: 0}
    - target: {fileID: 4000010721903726, guid: aa63f99e99a3f454e85eff556a0b996f, type: 3}
      propertyPath: m_LocalRotation.x
      value: -0
      objectReference: {fileID: 0}
    - target: {fileID: 4000010721903726, guid: aa63f99e99a3f454e85eff556a0b996f, type: 3}
      propertyPath: m_LocalRotation.y
      value: -0
      objectReference: {fileID: 0}
    - target: {fileID: 4000010721903726, guid: aa63f99e99a3f454e85eff556a0b996f, type: 3}
      propertyPath: m_LocalRotation.z
      value: -0
      objectReference: {fileID: 0}
    - target: {fileID: 4000011276936740, guid: aa63f99e99a3f454e85eff556a0b996f, type: 3}
      propertyPath: m_LocalRotation.x
      value: 0
      objectReference: {fileID: 0}
    - target: {fileID: 4000011276936740, guid: aa63f99e99a3f454e85eff556a0b996f, type: 3}
      propertyPath: m_LocalRotation.y
      value: 0
      objectReference: {fileID: 0}
    - target: {fileID: 4000011276936740, guid: aa63f99e99a3f454e85eff556a0b996f, type: 3}
      propertyPath: m_LocalRotation.z
      value: 0
      objectReference: {fileID: 0}
    - target: {fileID: 4000013488127554, guid: aa63f99e99a3f454e85eff556a0b996f, type: 3}
      propertyPath: m_LocalPosition.y
      value: 0.27
      objectReference: {fileID: 0}
    - target: {fileID: 4000013488127554, guid: aa63f99e99a3f454e85eff556a0b996f, type: 3}
      propertyPath: m_LocalPosition.z
      value: 0.54
      objectReference: {fileID: 0}
    - target: {fileID: 4000013488127554, guid: aa63f99e99a3f454e85eff556a0b996f, type: 3}
      propertyPath: m_LocalRotation.x
      value: 0
      objectReference: {fileID: 0}
    - target: {fileID: 4000013488127554, guid: aa63f99e99a3f454e85eff556a0b996f, type: 3}
      propertyPath: m_LocalRotation.y
      value: 0
      objectReference: {fileID: 0}
    - target: {fileID: 4000013488127554, guid: aa63f99e99a3f454e85eff556a0b996f, type: 3}
      propertyPath: m_LocalRotation.z
      value: 0
      objectReference: {fileID: 0}
    m_RemovedComponents: []
  m_SourcePrefab: {fileID: 100100000, guid: aa63f99e99a3f454e85eff556a0b996f, type: 3}
--- !u!4 &1260766489 stripped
Transform:
  m_CorrespondingSourceObject: {fileID: 4000010721903726, guid: aa63f99e99a3f454e85eff556a0b996f, type: 3}
  m_PrefabInstance: {fileID: 1260766488}
  m_PrefabAsset: {fileID: 0}
--- !u!1 &1292958508
GameObject:
  m_ObjectHideFlags: 0
  m_CorrespondingSourceObject: {fileID: 0}
  m_PrefabInstance: {fileID: 0}
  m_PrefabAsset: {fileID: 0}
  serializedVersion: 6
  m_Component:
  - component: {fileID: 1292958509}
  m_Layer: 0
  m_Name: '[SYSTEM]'
  m_TagString: Untagged
  m_Icon: {fileID: 0}
  m_NavMeshLayer: 0
  m_StaticEditorFlags: 0
  m_IsActive: 1
--- !u!4 &1292958509
Transform:
  m_ObjectHideFlags: 0
  m_CorrespondingSourceObject: {fileID: 0}
  m_PrefabInstance: {fileID: 0}
  m_PrefabAsset: {fileID: 0}
  m_GameObject: {fileID: 1292958508}
  m_LocalRotation: {x: 0, y: 0, z: 0, w: 1}
  m_LocalPosition: {x: 0, y: 0, z: 0}
  m_LocalScale: {x: 1, y: 1, z: 1}
  m_ConstrainProportionsScale: 0
  m_Children:
  - {fileID: 1001153621}
  - {fileID: 561102836}
  - {fileID: 751176631}
  m_Father: {fileID: 0}
  m_RootOrder: 3
  m_LocalEulerAnglesHint: {x: 0, y: 0, z: 0}
--- !u!1 &1426354502
GameObject:
  m_ObjectHideFlags: 0
  m_CorrespondingSourceObject: {fileID: 0}
  m_PrefabInstance: {fileID: 0}
  m_PrefabAsset: {fileID: 0}
  serializedVersion: 6
  m_Component:
  - component: {fileID: 1426354504}
  - component: {fileID: 1426354503}
  m_Layer: 0
  m_Name: Directional Light
  m_TagString: Untagged
  m_Icon: {fileID: 0}
  m_NavMeshLayer: 0
  m_StaticEditorFlags: 0
  m_IsActive: 1
--- !u!108 &1426354503
Light:
  m_ObjectHideFlags: 0
  m_CorrespondingSourceObject: {fileID: 0}
  m_PrefabInstance: {fileID: 0}
  m_PrefabAsset: {fileID: 0}
  m_GameObject: {fileID: 1426354502}
  m_Enabled: 1
  serializedVersion: 10
  m_Type: 1
  m_Shape: 0
  m_Color: {r: 1, g: 0.955411, b: 0.8392157, a: 1}
  m_Intensity: 1
  m_Range: 10
  m_SpotAngle: 30
  m_InnerSpotAngle: 21.80208
  m_CookieSize: 10
  m_Shadows:
    m_Type: 2
    m_Resolution: -1
    m_CustomResolution: -1
    m_Strength: 1
    m_Bias: 0.05
    m_NormalBias: 0.4
    m_NearPlane: 0.2
    m_CullingMatrixOverride:
      e00: 1
      e01: 0
      e02: 0
      e03: 0
      e10: 0
      e11: 1
      e12: 0
      e13: 0
      e20: 0
      e21: 0
      e22: 1
      e23: 0
      e30: 0
      e31: 0
      e32: 0
      e33: 1
    m_UseCullingMatrixOverride: 0
  m_Cookie: {fileID: 0}
  m_DrawHalo: 0
  m_Flare: {fileID: 0}
  m_RenderMode: 0
  m_CullingMask:
    serializedVersion: 2
    m_Bits: 4294967295
  m_RenderingLayerMask: 1
  m_Lightmapping: 4
  m_LightShadowCasterMode: 0
  m_AreaSize: {x: 1, y: 1}
  m_BounceIntensity: 1
  m_ColorTemperature: 6570
  m_UseColorTemperature: 0
  m_BoundingSphereOverride: {x: 0, y: 0, z: 0, w: 0}
  m_UseBoundingSphereOverride: 0
  m_UseViewFrustumForShadowCasterCull: 1
  m_ShadowRadius: 0
  m_ShadowAngle: 0
--- !u!4 &1426354504
Transform:
  m_ObjectHideFlags: 0
  m_CorrespondingSourceObject: {fileID: 0}
  m_PrefabInstance: {fileID: 0}
  m_PrefabAsset: {fileID: 0}
  m_GameObject: {fileID: 1426354502}
  m_LocalRotation: {x: 0.11697777, y: -0.88302225, z: 0.32139376, w: 0.32139385}
  m_LocalPosition: {x: 0, y: 5.32, z: 0}
  m_LocalScale: {x: 1, y: 1, z: 1}
  m_ConstrainProportionsScale: 0
  m_Children: []
  m_Father: {fileID: 1011808958}
  m_RootOrder: 0
  m_LocalEulerAnglesHint: {x: 40, y: -140, z: 0}
--- !u!1001 &1444998739
PrefabInstance:
  m_ObjectHideFlags: 0
  serializedVersion: 2
  m_Modification:
    m_TransformParent: {fileID: 1011808958}
    m_Modifications:
    - target: {fileID: 4000013041734426, guid: d803e729730d97a4e89edf13b602b3f4, type: 3}
      propertyPath: m_RootOrder
      value: 4
      objectReference: {fileID: 0}
    - target: {fileID: 4000013041734426, guid: d803e729730d97a4e89edf13b602b3f4, type: 3}
      propertyPath: m_LocalScale.y
      value: 1
      objectReference: {fileID: 0}
    - target: {fileID: 4000013041734426, guid: d803e729730d97a4e89edf13b602b3f4, type: 3}
      propertyPath: m_LocalScale.z
      value: 1
      objectReference: {fileID: 0}
    - target: {fileID: 4000013041734426, guid: d803e729730d97a4e89edf13b602b3f4, type: 3}
      propertyPath: m_LocalPosition.x
      value: -29.9
      objectReference: {fileID: 0}
    - target: {fileID: 4000013041734426, guid: d803e729730d97a4e89edf13b602b3f4, type: 3}
      propertyPath: m_LocalPosition.y
      value: -2
      objectReference: {fileID: 0}
    - target: {fileID: 4000013041734426, guid: d803e729730d97a4e89edf13b602b3f4, type: 3}
      propertyPath: m_LocalPosition.z
      value: -15.1
      objectReference: {fileID: 0}
    - target: {fileID: 4000013041734426, guid: d803e729730d97a4e89edf13b602b3f4, type: 3}
      propertyPath: m_LocalRotation.w
      value: 1
      objectReference: {fileID: 0}
    - target: {fileID: 4000013041734426, guid: d803e729730d97a4e89edf13b602b3f4, type: 3}
      propertyPath: m_LocalRotation.x
      value: -0
      objectReference: {fileID: 0}
    - target: {fileID: 4000013041734426, guid: d803e729730d97a4e89edf13b602b3f4, type: 3}
      propertyPath: m_LocalRotation.y
      value: -0
      objectReference: {fileID: 0}
    - target: {fileID: 4000013041734426, guid: d803e729730d97a4e89edf13b602b3f4, type: 3}
      propertyPath: m_LocalRotation.z
      value: -0
      objectReference: {fileID: 0}
    m_RemovedComponents: []
  m_SourcePrefab: {fileID: 100100000, guid: d803e729730d97a4e89edf13b602b3f4, type: 3}
--- !u!4 &1444998740 stripped
Transform:
  m_CorrespondingSourceObject: {fileID: 4000013041734426, guid: d803e729730d97a4e89edf13b602b3f4, type: 3}
  m_PrefabInstance: {fileID: 1444998739}
  m_PrefabAsset: {fileID: 0}
--- !u!1001 &1471638726
PrefabInstance:
  m_ObjectHideFlags: 0
  serializedVersion: 2
  m_Modification:
    m_TransformParent: {fileID: 1011808958}
    m_Modifications:
    - target: {fileID: 4000013974182346, guid: a4ea7ad660a6e4241aff4002d350fe80, type: 3}
      propertyPath: m_RootOrder
      value: 11
      objectReference: {fileID: 0}
    - target: {fileID: 4000013974182346, guid: a4ea7ad660a6e4241aff4002d350fe80, type: 3}
      propertyPath: m_LocalScale.y
      value: 1
      objectReference: {fileID: 0}
    - target: {fileID: 4000013974182346, guid: a4ea7ad660a6e4241aff4002d350fe80, type: 3}
      propertyPath: m_LocalScale.z
      value: 1
      objectReference: {fileID: 0}
    - target: {fileID: 4000013974182346, guid: a4ea7ad660a6e4241aff4002d350fe80, type: 3}
      propertyPath: m_LocalPosition.x
      value: -26.856087
      objectReference: {fileID: 0}
    - target: {fileID: 4000013974182346, guid: a4ea7ad660a6e4241aff4002d350fe80, type: 3}
      propertyPath: m_LocalPosition.y
      value: -2.0330942
      objectReference: {fileID: 0}
    - target: {fileID: 4000013974182346, guid: a4ea7ad660a6e4241aff4002d350fe80, type: 3}
      propertyPath: m_LocalPosition.z
      value: -0.27238643
      objectReference: {fileID: 0}
    - target: {fileID: 4000013974182346, guid: a4ea7ad660a6e4241aff4002d350fe80, type: 3}
      propertyPath: m_LocalRotation.w
      value: 1
      objectReference: {fileID: 0}
    - target: {fileID: 4000013974182346, guid: a4ea7ad660a6e4241aff4002d350fe80, type: 3}
      propertyPath: m_LocalRotation.x
      value: -0
      objectReference: {fileID: 0}
    - target: {fileID: 4000013974182346, guid: a4ea7ad660a6e4241aff4002d350fe80, type: 3}
      propertyPath: m_LocalRotation.y
      value: -0
      objectReference: {fileID: 0}
    - target: {fileID: 4000013974182346, guid: a4ea7ad660a6e4241aff4002d350fe80, type: 3}
      propertyPath: m_LocalRotation.z
      value: -0
      objectReference: {fileID: 0}
    m_RemovedComponents: []
  m_SourcePrefab: {fileID: 100100000, guid: a4ea7ad660a6e4241aff4002d350fe80, type: 3}
--- !u!4 &1471638727 stripped
Transform:
  m_CorrespondingSourceObject: {fileID: 4000013974182346, guid: a4ea7ad660a6e4241aff4002d350fe80, type: 3}
  m_PrefabInstance: {fileID: 1471638726}
  m_PrefabAsset: {fileID: 0}
--- !u!1001 &1489158335
PrefabInstance:
  m_ObjectHideFlags: 0
  serializedVersion: 2
  m_Modification:
    m_TransformParent: {fileID: 1011808958}
    m_Modifications:
    - target: {fileID: 4000011713300004, guid: a62abbb708e3f49489bde29e5cfc3ebd, type: 3}
      propertyPath: m_RootOrder
      value: 9
      objectReference: {fileID: 0}
    - target: {fileID: 4000011713300004, guid: a62abbb708e3f49489bde29e5cfc3ebd, type: 3}
      propertyPath: m_LocalScale.y
      value: 1
      objectReference: {fileID: 0}
    - target: {fileID: 4000011713300004, guid: a62abbb708e3f49489bde29e5cfc3ebd, type: 3}
      propertyPath: m_LocalScale.z
      value: 1
      objectReference: {fileID: 0}
    - target: {fileID: 4000011713300004, guid: a62abbb708e3f49489bde29e5cfc3ebd, type: 3}
      propertyPath: m_LocalPosition.x
      value: -23.27
      objectReference: {fileID: 0}
    - target: {fileID: 4000011713300004, guid: a62abbb708e3f49489bde29e5cfc3ebd, type: 3}
      propertyPath: m_LocalPosition.y
      value: -1.44
      objectReference: {fileID: 0}
    - target: {fileID: 4000011713300004, guid: a62abbb708e3f49489bde29e5cfc3ebd, type: 3}
      propertyPath: m_LocalPosition.z
      value: -8.2
      objectReference: {fileID: 0}
    - target: {fileID: 4000011713300004, guid: a62abbb708e3f49489bde29e5cfc3ebd, type: 3}
      propertyPath: m_LocalRotation.w
      value: 1
      objectReference: {fileID: 0}
    - target: {fileID: 4000011713300004, guid: a62abbb708e3f49489bde29e5cfc3ebd, type: 3}
      propertyPath: m_LocalRotation.x
      value: -0
      objectReference: {fileID: 0}
    - target: {fileID: 4000011713300004, guid: a62abbb708e3f49489bde29e5cfc3ebd, type: 3}
      propertyPath: m_LocalRotation.y
      value: -0
      objectReference: {fileID: 0}
    - target: {fileID: 4000011713300004, guid: a62abbb708e3f49489bde29e5cfc3ebd, type: 3}
      propertyPath: m_LocalRotation.z
      value: -0
      objectReference: {fileID: 0}
    m_RemovedComponents: []
  m_SourcePrefab: {fileID: 100100000, guid: a62abbb708e3f49489bde29e5cfc3ebd, type: 3}
--- !u!4 &1489158336 stripped
Transform:
  m_CorrespondingSourceObject: {fileID: 4000011713300004, guid: a62abbb708e3f49489bde29e5cfc3ebd, type: 3}
  m_PrefabInstance: {fileID: 1489158335}
  m_PrefabAsset: {fileID: 0}
--- !u!1001 &1617510057
PrefabInstance:
  m_ObjectHideFlags: 0
  serializedVersion: 2
  m_Modification:
    m_TransformParent: {fileID: 1862373717}
    m_Modifications:
    - target: {fileID: 3952175077149372988, guid: e696c80b7aaf48a45a59557510aa4684, type: 3}
      propertyPath: m_AnchorMax.y
      value: 0
      objectReference: {fileID: 0}
    - target: {fileID: 3952175077149372988, guid: e696c80b7aaf48a45a59557510aa4684, type: 3}
      propertyPath: m_AnchorMin.y
      value: 0
      objectReference: {fileID: 0}
    - target: {fileID: 3952175077149372988, guid: e696c80b7aaf48a45a59557510aa4684, type: 3}
      propertyPath: m_AnchoredPosition.x
      value: 0
      objectReference: {fileID: 0}
    - target: {fileID: 3952175077149372988, guid: e696c80b7aaf48a45a59557510aa4684, type: 3}
      propertyPath: m_AnchoredPosition.y
      value: 0
      objectReference: {fileID: 0}
    - target: {fileID: 3952175077149372989, guid: e696c80b7aaf48a45a59557510aa4684, type: 3}
      propertyPath: m_OnClick.m_PersistentCalls.m_Calls.Array.data[0].m_Target
      value: 
      objectReference: {fileID: 1001153620}
    - target: {fileID: 3952175077149372989, guid: e696c80b7aaf48a45a59557510aa4684, type: 3}
      propertyPath: m_OnClick.m_PersistentCalls.m_Calls.Array.data[0].m_MethodName
      value: Continue
      objectReference: {fileID: 0}
    - target: {fileID: 3952175077301059894, guid: e696c80b7aaf48a45a59557510aa4684, type: 3}
      propertyPath: m_Name
      value: SceneUI
      objectReference: {fileID: 0}
    - target: {fileID: 3952175077301059894, guid: e696c80b7aaf48a45a59557510aa4684, type: 3}
      propertyPath: m_IsActive
      value: 1
      objectReference: {fileID: 0}
    - target: {fileID: 3952175077301059895, guid: e696c80b7aaf48a45a59557510aa4684, type: 3}
      propertyPath: m_RootOrder
      value: 1
      objectReference: {fileID: 0}
    - target: {fileID: 3952175077301059895, guid: e696c80b7aaf48a45a59557510aa4684, type: 3}
      propertyPath: m_LocalPosition.x
      value: 0
      objectReference: {fileID: 0}
    - target: {fileID: 3952175077301059895, guid: e696c80b7aaf48a45a59557510aa4684, type: 3}
      propertyPath: m_LocalPosition.y
      value: 0
      objectReference: {fileID: 0}
    - target: {fileID: 3952175077301059895, guid: e696c80b7aaf48a45a59557510aa4684, type: 3}
      propertyPath: m_LocalPosition.z
      value: 0
      objectReference: {fileID: 0}
    - target: {fileID: 3952175077301059895, guid: e696c80b7aaf48a45a59557510aa4684, type: 3}
      propertyPath: m_LocalRotation.w
      value: 1
      objectReference: {fileID: 0}
    - target: {fileID: 3952175077301059895, guid: e696c80b7aaf48a45a59557510aa4684, type: 3}
      propertyPath: m_LocalRotation.x
      value: 0
      objectReference: {fileID: 0}
    - target: {fileID: 3952175077301059895, guid: e696c80b7aaf48a45a59557510aa4684, type: 3}
      propertyPath: m_LocalRotation.y
      value: 0
      objectReference: {fileID: 0}
    - target: {fileID: 3952175077301059895, guid: e696c80b7aaf48a45a59557510aa4684, type: 3}
      propertyPath: m_LocalRotation.z
      value: 0
      objectReference: {fileID: 0}
    - target: {fileID: 3952175077301059895, guid: e696c80b7aaf48a45a59557510aa4684, type: 3}
      propertyPath: m_LocalEulerAnglesHint.x
      value: 0
      objectReference: {fileID: 0}
    - target: {fileID: 3952175077301059895, guid: e696c80b7aaf48a45a59557510aa4684, type: 3}
      propertyPath: m_LocalEulerAnglesHint.y
      value: 0
      objectReference: {fileID: 0}
    - target: {fileID: 3952175077301059895, guid: e696c80b7aaf48a45a59557510aa4684, type: 3}
      propertyPath: m_LocalEulerAnglesHint.z
      value: 0
      objectReference: {fileID: 0}
    - target: {fileID: 3952175077369250941, guid: e696c80b7aaf48a45a59557510aa4684, type: 3}
      propertyPath: m_AnchorMax.y
      value: 0
      objectReference: {fileID: 0}
    - target: {fileID: 3952175077369250941, guid: e696c80b7aaf48a45a59557510aa4684, type: 3}
      propertyPath: m_AnchorMin.y
      value: 0
      objectReference: {fileID: 0}
    - target: {fileID: 3952175077369250941, guid: e696c80b7aaf48a45a59557510aa4684, type: 3}
      propertyPath: m_AnchoredPosition.x
      value: 0
      objectReference: {fileID: 0}
    - target: {fileID: 3952175077369250941, guid: e696c80b7aaf48a45a59557510aa4684, type: 3}
      propertyPath: m_AnchoredPosition.y
      value: 0
      objectReference: {fileID: 0}
    - target: {fileID: 3952175077369250942, guid: e696c80b7aaf48a45a59557510aa4684, type: 3}
      propertyPath: m_OnClick.m_PersistentCalls.m_Calls.Array.data[0].m_Target
      value: 
      objectReference: {fileID: 1001153620}
    - target: {fileID: 3952175077369250942, guid: e696c80b7aaf48a45a59557510aa4684, type: 3}
      propertyPath: m_OnClick.m_PersistentCalls.m_Calls.Array.data[0].m_MethodName
      value: SelectRandomEnemy
      objectReference: {fileID: 0}
    - target: {fileID: 3952175077494168301, guid: e696c80b7aaf48a45a59557510aa4684, type: 3}
      propertyPath: m_SizeDelta.x
      value: 0
      objectReference: {fileID: 0}
    - target: {fileID: 3952175077494168301, guid: e696c80b7aaf48a45a59557510aa4684, type: 3}
      propertyPath: m_SizeDelta.y
      value: 0
      objectReference: {fileID: 0}
    - target: {fileID: 3952175077520087984, guid: e696c80b7aaf48a45a59557510aa4684, type: 3}
      propertyPath: m_OnClick.m_PersistentCalls.m_Calls.Array.data[0].m_Target
      value: 
      objectReference: {fileID: 1001153620}
    - target: {fileID: 3952175077520087984, guid: e696c80b7aaf48a45a59557510aa4684, type: 3}
      propertyPath: m_OnClick.m_PersistentCalls.m_Calls.Array.data[0].m_MethodName
      value: ShowGameMenu
      objectReference: {fileID: 0}
    - target: {fileID: 3952175077661514362, guid: e696c80b7aaf48a45a59557510aa4684, type: 3}
      propertyPath: m_SizeDelta.x
      value: 0
      objectReference: {fileID: 0}
    - target: {fileID: 3952175077661514362, guid: e696c80b7aaf48a45a59557510aa4684, type: 3}
      propertyPath: m_SizeDelta.y
      value: 0
      objectReference: {fileID: 0}
    - target: {fileID: 3952175077771993263, guid: e696c80b7aaf48a45a59557510aa4684, type: 3}
      propertyPath: m_AnchorMax.y
      value: 0
      objectReference: {fileID: 0}
    - target: {fileID: 3952175077771993263, guid: e696c80b7aaf48a45a59557510aa4684, type: 3}
      propertyPath: m_AnchorMin.y
      value: 0
      objectReference: {fileID: 0}
    - target: {fileID: 3952175077771993263, guid: e696c80b7aaf48a45a59557510aa4684, type: 3}
      propertyPath: m_AnchoredPosition.x
      value: 0
      objectReference: {fileID: 0}
    - target: {fileID: 3952175077771993263, guid: e696c80b7aaf48a45a59557510aa4684, type: 3}
      propertyPath: m_AnchoredPosition.y
      value: 0
      objectReference: {fileID: 0}
    - target: {fileID: 3952175077771993264, guid: e696c80b7aaf48a45a59557510aa4684, type: 3}
      propertyPath: m_OnClick.m_PersistentCalls.m_Calls.Array.data[0].m_Target
      value: 
      objectReference: {fileID: 1001153620}
    - target: {fileID: 3952175077771993264, guid: e696c80b7aaf48a45a59557510aa4684, type: 3}
      propertyPath: m_OnClick.m_PersistentCalls.m_Calls.Array.data[0].m_MethodName
      value: ShowMainMenu
      objectReference: {fileID: 0}
    - target: {fileID: 3952175078025024560, guid: e696c80b7aaf48a45a59557510aa4684, type: 3}
      propertyPath: m_AnchorMax.y
      value: 0
      objectReference: {fileID: 0}
    - target: {fileID: 3952175078025024560, guid: e696c80b7aaf48a45a59557510aa4684, type: 3}
      propertyPath: m_AnchorMin.y
      value: 0
      objectReference: {fileID: 0}
    - target: {fileID: 3952175078025024560, guid: e696c80b7aaf48a45a59557510aa4684, type: 3}
      propertyPath: m_AnchoredPosition.x
      value: 0
      objectReference: {fileID: 0}
    - target: {fileID: 3952175078025024560, guid: e696c80b7aaf48a45a59557510aa4684, type: 3}
      propertyPath: m_AnchoredPosition.y
      value: 0
      objectReference: {fileID: 0}
    - target: {fileID: 3952175078025024561, guid: e696c80b7aaf48a45a59557510aa4684, type: 3}
      propertyPath: m_OnClick.m_PersistentCalls.m_Calls.Array.data[0].m_Target
      value: 
      objectReference: {fileID: 1001153620}
    - target: {fileID: 3952175078025024561, guid: e696c80b7aaf48a45a59557510aa4684, type: 3}
      propertyPath: m_OnClick.m_PersistentCalls.m_Calls.Array.data[0].m_MethodName
      value: ConfirmTarget
      objectReference: {fileID: 0}
    - target: {fileID: 3952175078069063660, guid: e696c80b7aaf48a45a59557510aa4684, type: 3}
      propertyPath: m_AnchorMax.y
      value: 0
      objectReference: {fileID: 0}
    - target: {fileID: 3952175078069063660, guid: e696c80b7aaf48a45a59557510aa4684, type: 3}
      propertyPath: m_AnchorMin.y
      value: 0
      objectReference: {fileID: 0}
    - target: {fileID: 3952175078069063660, guid: e696c80b7aaf48a45a59557510aa4684, type: 3}
      propertyPath: m_AnchoredPosition.x
      value: 0
      objectReference: {fileID: 0}
    - target: {fileID: 3952175078069063660, guid: e696c80b7aaf48a45a59557510aa4684, type: 3}
      propertyPath: m_AnchoredPosition.y
      value: 0
      objectReference: {fileID: 0}
    - target: {fileID: 3952175078069063661, guid: e696c80b7aaf48a45a59557510aa4684, type: 3}
      propertyPath: m_OnClick.m_PersistentCalls.m_Calls.Array.data[0].m_Target
      value: 
      objectReference: {fileID: 1001153620}
    - target: {fileID: 3952175078069063661, guid: e696c80b7aaf48a45a59557510aa4684, type: 3}
      propertyPath: m_OnClick.m_PersistentCalls.m_Calls.Array.data[0].m_MethodName
      value: CallSniper
      objectReference: {fileID: 0}
    - target: {fileID: 3952175078194817799, guid: e696c80b7aaf48a45a59557510aa4684, type: 3}
      propertyPath: m_Camera
      value: 
      objectReference: {fileID: 0}
    - target: {fileID: 3952175079006889031, guid: e696c80b7aaf48a45a59557510aa4684, type: 3}
      propertyPath: m_AnchorMax.y
      value: 0
      objectReference: {fileID: 0}
    - target: {fileID: 3952175079006889031, guid: e696c80b7aaf48a45a59557510aa4684, type: 3}
      propertyPath: m_AnchorMin.y
      value: 0
      objectReference: {fileID: 0}
    - target: {fileID: 3952175079006889031, guid: e696c80b7aaf48a45a59557510aa4684, type: 3}
      propertyPath: m_AnchoredPosition.x
      value: 0
      objectReference: {fileID: 0}
    - target: {fileID: 3952175079006889031, guid: e696c80b7aaf48a45a59557510aa4684, type: 3}
      propertyPath: m_AnchoredPosition.y
      value: 0
      objectReference: {fileID: 0}
    - target: {fileID: 3952175079006889032, guid: e696c80b7aaf48a45a59557510aa4684, type: 3}
      propertyPath: m_OnClick.m_PersistentCalls.m_Calls.Array.data[0].m_Target
      value: 
      objectReference: {fileID: 1001153620}
    - target: {fileID: 3952175079006889032, guid: e696c80b7aaf48a45a59557510aa4684, type: 3}
      propertyPath: m_OnClick.m_PersistentCalls.m_Calls.Array.data[0].m_MethodName
      value: Restart
      objectReference: {fileID: 0}
    m_RemovedComponents: []
  m_SourcePrefab: {fileID: 100100000, guid: e696c80b7aaf48a45a59557510aa4684, type: 3}
--- !u!4 &1617510058 stripped
Transform:
  m_CorrespondingSourceObject: {fileID: 3952175077301059895, guid: e696c80b7aaf48a45a59557510aa4684, type: 3}
  m_PrefabInstance: {fileID: 1617510057}
  m_PrefabAsset: {fileID: 0}
--- !u!114 &1617510059 stripped
MonoBehaviour:
  m_CorrespondingSourceObject: {fileID: 3952175077815659290, guid: e696c80b7aaf48a45a59557510aa4684, type: 3}
  m_PrefabInstance: {fileID: 1617510057}
  m_PrefabAsset: {fileID: 0}
  m_GameObject: {fileID: 0}
  m_Enabled: 1
  m_EditorHideFlags: 0
  m_Script: {fileID: 11500000, guid: f4688fdb7df04437aeb418b961361dc5, type: 3}
  m_Name: 
  m_EditorClassIdentifier: 
--- !u!114 &1617510060 stripped
MonoBehaviour:
  m_CorrespondingSourceObject: {fileID: 3952175078148059513, guid: e696c80b7aaf48a45a59557510aa4684, type: 3}
  m_PrefabInstance: {fileID: 1617510057}
  m_PrefabAsset: {fileID: 0}
  m_GameObject: {fileID: 0}
  m_Enabled: 1
  m_EditorHideFlags: 0
  m_Script: {fileID: 11500000, guid: f4688fdb7df04437aeb418b961361dc5, type: 3}
  m_Name: 
  m_EditorClassIdentifier: 
--- !u!114 &1617510061 stripped
MonoBehaviour:
  m_CorrespondingSourceObject: {fileID: 3952175077520087984, guid: e696c80b7aaf48a45a59557510aa4684, type: 3}
  m_PrefabInstance: {fileID: 1617510057}
  m_PrefabAsset: {fileID: 0}
  m_GameObject: {fileID: 0}
  m_Enabled: 1
  m_EditorHideFlags: 0
  m_Script: {fileID: 11500000, guid: 4e29b1a8efbd4b44bb3f3716e73f07ff, type: 3}
  m_Name: 
  m_EditorClassIdentifier: 
--- !u!114 &1617510062 stripped
MonoBehaviour:
  m_CorrespondingSourceObject: {fileID: 3952175077369250942, guid: e696c80b7aaf48a45a59557510aa4684, type: 3}
  m_PrefabInstance: {fileID: 1617510057}
  m_PrefabAsset: {fileID: 0}
  m_GameObject: {fileID: 0}
  m_Enabled: 1
  m_EditorHideFlags: 0
  m_Script: {fileID: 11500000, guid: 4e29b1a8efbd4b44bb3f3716e73f07ff, type: 3}
  m_Name: 
  m_EditorClassIdentifier: 
--- !u!114 &1617510063 stripped
MonoBehaviour:
  m_CorrespondingSourceObject: {fileID: 3952175078025024561, guid: e696c80b7aaf48a45a59557510aa4684, type: 3}
  m_PrefabInstance: {fileID: 1617510057}
  m_PrefabAsset: {fileID: 0}
  m_GameObject: {fileID: 0}
  m_Enabled: 1
  m_EditorHideFlags: 0
  m_Script: {fileID: 11500000, guid: 4e29b1a8efbd4b44bb3f3716e73f07ff, type: 3}
  m_Name: 
  m_EditorClassIdentifier: 
--- !u!225 &1617510064 stripped
CanvasGroup:
  m_CorrespondingSourceObject: {fileID: 3952175077494168306, guid: e696c80b7aaf48a45a59557510aa4684, type: 3}
  m_PrefabInstance: {fileID: 1617510057}
  m_PrefabAsset: {fileID: 0}
--- !u!114 &1617510065 stripped
MonoBehaviour:
  m_CorrespondingSourceObject: {fileID: 3952175077149372989, guid: e696c80b7aaf48a45a59557510aa4684, type: 3}
  m_PrefabInstance: {fileID: 1617510057}
  m_PrefabAsset: {fileID: 0}
  m_GameObject: {fileID: 0}
  m_Enabled: 1
  m_EditorHideFlags: 0
  m_Script: {fileID: 11500000, guid: 4e29b1a8efbd4b44bb3f3716e73f07ff, type: 3}
  m_Name: 
  m_EditorClassIdentifier: 
--- !u!225 &1617510066 stripped
CanvasGroup:
  m_CorrespondingSourceObject: {fileID: 3952175077661514363, guid: e696c80b7aaf48a45a59557510aa4684, type: 3}
  m_PrefabInstance: {fileID: 1617510057}
  m_PrefabAsset: {fileID: 0}
--- !u!1001 &1699985350
PrefabInstance:
  m_ObjectHideFlags: 0
  serializedVersion: 2
  m_Modification:
    m_TransformParent: {fileID: 1011808958}
    m_Modifications:
    - target: {fileID: 1000010076631458, guid: d803e729730d97a4e89edf13b602b3f4, type: 3}
      propertyPath: m_Name
      value: Road_set_v1_b_floor_1
      objectReference: {fileID: 0}
    - target: {fileID: 4000013041734426, guid: d803e729730d97a4e89edf13b602b3f4, type: 3}
      propertyPath: m_RootOrder
      value: 5
      objectReference: {fileID: 0}
    - target: {fileID: 4000013041734426, guid: d803e729730d97a4e89edf13b602b3f4, type: 3}
      propertyPath: m_LocalScale.y
      value: 1
      objectReference: {fileID: 0}
    - target: {fileID: 4000013041734426, guid: d803e729730d97a4e89edf13b602b3f4, type: 3}
      propertyPath: m_LocalScale.z
      value: 1
      objectReference: {fileID: 0}
    - target: {fileID: 4000013041734426, guid: d803e729730d97a4e89edf13b602b3f4, type: 3}
      propertyPath: m_LocalPosition.x
      value: -49.87
      objectReference: {fileID: 0}
    - target: {fileID: 4000013041734426, guid: d803e729730d97a4e89edf13b602b3f4, type: 3}
      propertyPath: m_LocalPosition.y
      value: -2
      objectReference: {fileID: 0}
    - target: {fileID: 4000013041734426, guid: d803e729730d97a4e89edf13b602b3f4, type: 3}
      propertyPath: m_LocalPosition.z
      value: -15.1
      objectReference: {fileID: 0}
    - target: {fileID: 4000013041734426, guid: d803e729730d97a4e89edf13b602b3f4, type: 3}
      propertyPath: m_LocalRotation.w
      value: 1
      objectReference: {fileID: 0}
    - target: {fileID: 4000013041734426, guid: d803e729730d97a4e89edf13b602b3f4, type: 3}
      propertyPath: m_LocalRotation.x
      value: -0
      objectReference: {fileID: 0}
    - target: {fileID: 4000013041734426, guid: d803e729730d97a4e89edf13b602b3f4, type: 3}
      propertyPath: m_LocalRotation.y
      value: -0
      objectReference: {fileID: 0}
    - target: {fileID: 4000013041734426, guid: d803e729730d97a4e89edf13b602b3f4, type: 3}
      propertyPath: m_LocalRotation.z
      value: -0
      objectReference: {fileID: 0}
    m_RemovedComponents: []
  m_SourcePrefab: {fileID: 100100000, guid: d803e729730d97a4e89edf13b602b3f4, type: 3}
--- !u!4 &1699985351 stripped
Transform:
  m_CorrespondingSourceObject: {fileID: 4000013041734426, guid: d803e729730d97a4e89edf13b602b3f4, type: 3}
  m_PrefabInstance: {fileID: 1699985350}
  m_PrefabAsset: {fileID: 0}
--- !u!1001 &1741614912
PrefabInstance:
  m_ObjectHideFlags: 0
  serializedVersion: 2
  m_Modification:
    m_TransformParent: {fileID: 1011808958}
    m_Modifications:
    - target: {fileID: 4000011765245650, guid: 9732a241b7bd0fa4a8e59553d6d8a2b0, type: 3}
      propertyPath: m_RootOrder
      value: 8
      objectReference: {fileID: 0}
    - target: {fileID: 4000011765245650, guid: 9732a241b7bd0fa4a8e59553d6d8a2b0, type: 3}
      propertyPath: m_LocalScale.y
      value: 1
      objectReference: {fileID: 0}
    - target: {fileID: 4000011765245650, guid: 9732a241b7bd0fa4a8e59553d6d8a2b0, type: 3}
      propertyPath: m_LocalScale.z
      value: 1
      objectReference: {fileID: 0}
    - target: {fileID: 4000011765245650, guid: 9732a241b7bd0fa4a8e59553d6d8a2b0, type: 3}
      propertyPath: m_LocalPosition.x
      value: -38.278
      objectReference: {fileID: 0}
    - target: {fileID: 4000011765245650, guid: 9732a241b7bd0fa4a8e59553d6d8a2b0, type: 3}
      propertyPath: m_LocalPosition.y
      value: -1.46
      objectReference: {fileID: 0}
    - target: {fileID: 4000011765245650, guid: 9732a241b7bd0fa4a8e59553d6d8a2b0, type: 3}
      propertyPath: m_LocalPosition.z
      value: -5.74
      objectReference: {fileID: 0}
    - target: {fileID: 4000011765245650, guid: 9732a241b7bd0fa4a8e59553d6d8a2b0, type: 3}
      propertyPath: m_LocalRotation.w
      value: 1
      objectReference: {fileID: 0}
    - target: {fileID: 4000011765245650, guid: 9732a241b7bd0fa4a8e59553d6d8a2b0, type: 3}
      propertyPath: m_LocalRotation.x
      value: -0
      objectReference: {fileID: 0}
    - target: {fileID: 4000011765245650, guid: 9732a241b7bd0fa4a8e59553d6d8a2b0, type: 3}
      propertyPath: m_LocalRotation.y
      value: -0
      objectReference: {fileID: 0}
    - target: {fileID: 4000011765245650, guid: 9732a241b7bd0fa4a8e59553d6d8a2b0, type: 3}
      propertyPath: m_LocalRotation.z
      value: -0
      objectReference: {fileID: 0}
    m_RemovedComponents: []
  m_SourcePrefab: {fileID: 100100000, guid: 9732a241b7bd0fa4a8e59553d6d8a2b0, type: 3}
--- !u!4 &1741614913 stripped
Transform:
  m_CorrespondingSourceObject: {fileID: 4000011765245650, guid: 9732a241b7bd0fa4a8e59553d6d8a2b0, type: 3}
  m_PrefabInstance: {fileID: 1741614912}
  m_PrefabAsset: {fileID: 0}
--- !u!1001 &1781938633
PrefabInstance:
  m_ObjectHideFlags: 0
  serializedVersion: 2
  m_Modification:
    m_TransformParent: {fileID: 1788197487}
    m_Modifications:
    - target: {fileID: 6965253026782299961, guid: 9d13fa504c946414ea6d5c7067bfb74f, type: 3}
      propertyPath: m_Camera
      value: 
      objectReference: {fileID: 520711022}
    - target: {fileID: 7937270057960897858, guid: 9d13fa504c946414ea6d5c7067bfb74f, type: 3}
      propertyPath: m_RootOrder
      value: 2
      objectReference: {fileID: 0}
    - target: {fileID: 7937270057960897858, guid: 9d13fa504c946414ea6d5c7067bfb74f, type: 3}
      propertyPath: m_LocalPosition.x
      value: -27
      objectReference: {fileID: 0}
    - target: {fileID: 7937270057960897858, guid: 9d13fa504c946414ea6d5c7067bfb74f, type: 3}
      propertyPath: m_LocalPosition.y
      value: -2
      objectReference: {fileID: 0}
    - target: {fileID: 7937270057960897858, guid: 9d13fa504c946414ea6d5c7067bfb74f, type: 3}
      propertyPath: m_LocalPosition.z
      value: 0.7
      objectReference: {fileID: 0}
    - target: {fileID: 7937270057960897858, guid: 9d13fa504c946414ea6d5c7067bfb74f, type: 3}
      propertyPath: m_LocalRotation.w
      value: 0.7071068
      objectReference: {fileID: 0}
    - target: {fileID: 7937270057960897858, guid: 9d13fa504c946414ea6d5c7067bfb74f, type: 3}
      propertyPath: m_LocalRotation.x
      value: 0
      objectReference: {fileID: 0}
    - target: {fileID: 7937270057960897858, guid: 9d13fa504c946414ea6d5c7067bfb74f, type: 3}
      propertyPath: m_LocalRotation.y
      value: 0.7071068
      objectReference: {fileID: 0}
    - target: {fileID: 7937270057960897858, guid: 9d13fa504c946414ea6d5c7067bfb74f, type: 3}
      propertyPath: m_LocalRotation.z
      value: 0
      objectReference: {fileID: 0}
    - target: {fileID: 7937270057960897858, guid: 9d13fa504c946414ea6d5c7067bfb74f, type: 3}
      propertyPath: m_LocalEulerAnglesHint.x
      value: 0
      objectReference: {fileID: 0}
    - target: {fileID: 7937270057960897858, guid: 9d13fa504c946414ea6d5c7067bfb74f, type: 3}
      propertyPath: m_LocalEulerAnglesHint.y
      value: 90
      objectReference: {fileID: 0}
    - target: {fileID: 7937270057960897858, guid: 9d13fa504c946414ea6d5c7067bfb74f, type: 3}
      propertyPath: m_LocalEulerAnglesHint.z
      value: 0
      objectReference: {fileID: 0}
    - target: {fileID: 7937270057960897859, guid: 9d13fa504c946414ea6d5c7067bfb74f, type: 3}
      propertyPath: m_Name
      value: Enemy_1
      objectReference: {fileID: 0}
    - target: {fileID: 8762346624092190049, guid: 9d13fa504c946414ea6d5c7067bfb74f, type: 3}
      propertyPath: m_PresetInfoIsWorld
      value: 1
      objectReference: {fileID: 0}
    m_RemovedComponents: []
  m_SourcePrefab: {fileID: 100100000, guid: 9d13fa504c946414ea6d5c7067bfb74f, type: 3}
--- !u!4 &1781938634 stripped
Transform:
  m_CorrespondingSourceObject: {fileID: 7937270057960897858, guid: 9d13fa504c946414ea6d5c7067bfb74f, type: 3}
  m_PrefabInstance: {fileID: 1781938633}
  m_PrefabAsset: {fileID: 0}
--- !u!114 &1781938635 stripped
MonoBehaviour:
  m_CorrespondingSourceObject: {fileID: -961616075095077768, guid: 9d13fa504c946414ea6d5c7067bfb74f, type: 3}
  m_PrefabInstance: {fileID: 1781938633}
  m_PrefabAsset: {fileID: 0}
  m_GameObject: {fileID: 0}
  m_Enabled: 1
  m_EditorHideFlags: 0
  m_Script: {fileID: 11500000, guid: 65cf481f21a513340b24b84d5c1d0168, type: 3}
  m_Name: 
  m_EditorClassIdentifier: 
--- !u!1 &1788197486
GameObject:
  m_ObjectHideFlags: 0
  m_CorrespondingSourceObject: {fileID: 0}
  m_PrefabInstance: {fileID: 0}
  m_PrefabAsset: {fileID: 0}
  serializedVersion: 6
  m_Component:
  - component: {fileID: 1788197487}
  m_Layer: 0
  m_Name: '[WORLD]'
  m_TagString: Untagged
  m_Icon: {fileID: 0}
  m_NavMeshLayer: 0
  m_StaticEditorFlags: 0
  m_IsActive: 1
--- !u!4 &1788197487
Transform:
  m_ObjectHideFlags: 0
  m_CorrespondingSourceObject: {fileID: 0}
  m_PrefabInstance: {fileID: 0}
  m_PrefabAsset: {fileID: 0}
  m_GameObject: {fileID: 1788197486}
  m_LocalRotation: {x: 0, y: 0, z: 0, w: 1}
  m_LocalPosition: {x: 0, y: 0, z: 0}
  m_LocalScale: {x: 1, y: 1, z: 1}
  m_ConstrainProportionsScale: 0
  m_Children:
  - {fileID: 2103942117}
  - {fileID: 874697300}
  - {fileID: 1781938634}
  m_Father: {fileID: 0}
  m_RootOrder: 1
  m_LocalEulerAnglesHint: {x: 0, y: 0, z: 0}
--- !u!1001 &1855278012
PrefabInstance:
  m_ObjectHideFlags: 0
  serializedVersion: 2
  m_Modification:
    m_TransformParent: {fileID: 1489158336}
    m_Modifications:
    - target: {fileID: 7147010552277453238, guid: 51ee68059f3bd83478b3d1d2d2218abc, type: 3}
      propertyPath: m_Name
      value: Fire
      objectReference: {fileID: 0}
    - target: {fileID: 7147010552277453239, guid: 51ee68059f3bd83478b3d1d2d2218abc, type: 3}
      propertyPath: m_RootOrder
      value: 0
      objectReference: {fileID: 0}
    - target: {fileID: 7147010552277453239, guid: 51ee68059f3bd83478b3d1d2d2218abc, type: 3}
      propertyPath: m_LocalPosition.x
      value: 0.016000748
      objectReference: {fileID: 0}
    - target: {fileID: 7147010552277453239, guid: 51ee68059f3bd83478b3d1d2d2218abc, type: 3}
      propertyPath: m_LocalPosition.y
      value: 0.68000007
      objectReference: {fileID: 0}
    - target: {fileID: 7147010552277453239, guid: 51ee68059f3bd83478b3d1d2d2218abc, type: 3}
      propertyPath: m_LocalPosition.z
      value: -0.039000034
      objectReference: {fileID: 0}
    - target: {fileID: 7147010552277453239, guid: 51ee68059f3bd83478b3d1d2d2218abc, type: 3}
      propertyPath: m_LocalRotation.w
      value: 1
      objectReference: {fileID: 0}
    - target: {fileID: 7147010552277453239, guid: 51ee68059f3bd83478b3d1d2d2218abc, type: 3}
      propertyPath: m_LocalRotation.x
      value: -0
      objectReference: {fileID: 0}
    - target: {fileID: 7147010552277453239, guid: 51ee68059f3bd83478b3d1d2d2218abc, type: 3}
      propertyPath: m_LocalRotation.y
      value: -0
      objectReference: {fileID: 0}
    - target: {fileID: 7147010552277453239, guid: 51ee68059f3bd83478b3d1d2d2218abc, type: 3}
      propertyPath: m_LocalRotation.z
      value: -0
      objectReference: {fileID: 0}
    - target: {fileID: 7147010552277453239, guid: 51ee68059f3bd83478b3d1d2d2218abc, type: 3}
      propertyPath: m_LocalEulerAnglesHint.x
      value: 0
      objectReference: {fileID: 0}
    - target: {fileID: 7147010552277453239, guid: 51ee68059f3bd83478b3d1d2d2218abc, type: 3}
      propertyPath: m_LocalEulerAnglesHint.y
      value: 0
      objectReference: {fileID: 0}
    - target: {fileID: 7147010552277453239, guid: 51ee68059f3bd83478b3d1d2d2218abc, type: 3}
      propertyPath: m_LocalEulerAnglesHint.z
      value: 0
      objectReference: {fileID: 0}
    - target: {fileID: 7147010552521056507, guid: 51ee68059f3bd83478b3d1d2d2218abc, type: 3}
      propertyPath: ColorModule.gradient.maxGradient.key1.b
      value: 0.450267
      objectReference: {fileID: 0}
    - target: {fileID: 7147010552521056507, guid: 51ee68059f3bd83478b3d1d2d2218abc, type: 3}
      propertyPath: ColorModule.gradient.maxGradient.key1.g
      value: 0.83330816
      objectReference: {fileID: 0}
    - target: {fileID: 7147010552521056507, guid: 51ee68059f3bd83478b3d1d2d2218abc, type: 3}
      propertyPath: ColorModule.gradient.maxGradient.key1.r
      value: 0.8773585
      objectReference: {fileID: 0}
    - target: {fileID: 7147010552521056507, guid: 51ee68059f3bd83478b3d1d2d2218abc, type: 3}
      propertyPath: ColorModule.gradient.maxGradient.key2.b
      value: 0.06454251
      objectReference: {fileID: 0}
    - target: {fileID: 7147010552521056507, guid: 51ee68059f3bd83478b3d1d2d2218abc, type: 3}
      propertyPath: ColorModule.gradient.maxGradient.key2.g
      value: 0.16061366
      objectReference: {fileID: 0}
    - target: {fileID: 7147010552521056507, guid: 51ee68059f3bd83478b3d1d2d2218abc, type: 3}
      propertyPath: ColorModule.gradient.maxGradient.key2.r
      value: 0.9245283
      objectReference: {fileID: 0}
    - target: {fileID: 7147010553926028985, guid: 51ee68059f3bd83478b3d1d2d2218abc, type: 3}
      propertyPath: ColorModule.gradient.maxGradient.key0.b
      value: 0.5294118
      objectReference: {fileID: 0}
    - target: {fileID: 7147010553926028985, guid: 51ee68059f3bd83478b3d1d2d2218abc, type: 3}
      propertyPath: ColorModule.gradient.maxGradient.key0.g
      value: 0.94356835
      objectReference: {fileID: 0}
    - target: {fileID: 7147010553926028985, guid: 51ee68059f3bd83478b3d1d2d2218abc, type: 3}
      propertyPath: ColorModule.gradient.maxGradient.key0.r
      value: 0.94509804
      objectReference: {fileID: 0}
    m_RemovedComponents: []
  m_SourcePrefab: {fileID: 100100000, guid: 51ee68059f3bd83478b3d1d2d2218abc, type: 3}
--- !u!1 &1862373716
GameObject:
  m_ObjectHideFlags: 0
  m_CorrespondingSourceObject: {fileID: 0}
  m_PrefabInstance: {fileID: 0}
  m_PrefabAsset: {fileID: 0}
  serializedVersion: 6
  m_Component:
  - component: {fileID: 1862373717}
  m_Layer: 0
  m_Name: '[UI]'
  m_TagString: Untagged
  m_Icon: {fileID: 0}
  m_NavMeshLayer: 0
  m_StaticEditorFlags: 0
  m_IsActive: 1
--- !u!4 &1862373717
Transform:
  m_ObjectHideFlags: 0
  m_CorrespondingSourceObject: {fileID: 0}
  m_PrefabInstance: {fileID: 0}
  m_PrefabAsset: {fileID: 0}
  m_GameObject: {fileID: 1862373716}
  m_LocalRotation: {x: 0, y: 0, z: 0, w: 1}
  m_LocalPosition: {x: 6.866087, y: 2.0330942, z: 0.27238643}
  m_LocalScale: {x: 1, y: 1, z: 1}
  m_ConstrainProportionsScale: 0
  m_Children:
  - {fileID: 91069097}
  - {fileID: 1617510058}
  m_Father: {fileID: 0}
  m_RootOrder: 4
  m_LocalEulerAnglesHint: {x: 0, y: 0, z: 0}
--- !u!1001 &2054895094
PrefabInstance:
  m_ObjectHideFlags: 0
  serializedVersion: 2
  m_Modification:
    m_TransformParent: {fileID: 1011808958}
    m_Modifications:
    - target: {fileID: 4000011072209702, guid: b2be9b4ffc291194c96942bd60bdc25c, type: 3}
      propertyPath: m_RootOrder
      value: 7
      objectReference: {fileID: 0}
    - target: {fileID: 4000011072209702, guid: b2be9b4ffc291194c96942bd60bdc25c, type: 3}
      propertyPath: m_LocalScale.y
      value: 1
      objectReference: {fileID: 0}
    - target: {fileID: 4000011072209702, guid: b2be9b4ffc291194c96942bd60bdc25c, type: 3}
      propertyPath: m_LocalScale.z
      value: 1
      objectReference: {fileID: 0}
    - target: {fileID: 4000011072209702, guid: b2be9b4ffc291194c96942bd60bdc25c, type: 3}
      propertyPath: m_LocalPosition.x
      value: -20.85
      objectReference: {fileID: 0}
    - target: {fileID: 4000011072209702, guid: b2be9b4ffc291194c96942bd60bdc25c, type: 3}
      propertyPath: m_LocalPosition.y
      value: 0.8
      objectReference: {fileID: 0}
    - target: {fileID: 4000011072209702, guid: b2be9b4ffc291194c96942bd60bdc25c, type: 3}
      propertyPath: m_LocalPosition.z
      value: -28.95
      objectReference: {fileID: 0}
    - target: {fileID: 4000011072209702, guid: b2be9b4ffc291194c96942bd60bdc25c, type: 3}
      propertyPath: m_LocalRotation.w
      value: 1
      objectReference: {fileID: 0}
    - target: {fileID: 4000011072209702, guid: b2be9b4ffc291194c96942bd60bdc25c, type: 3}
      propertyPath: m_LocalRotation.x
      value: -0
      objectReference: {fileID: 0}
    - target: {fileID: 4000011072209702, guid: b2be9b4ffc291194c96942bd60bdc25c, type: 3}
      propertyPath: m_LocalRotation.y
      value: -0
      objectReference: {fileID: 0}
    - target: {fileID: 4000011072209702, guid: b2be9b4ffc291194c96942bd60bdc25c, type: 3}
      propertyPath: m_LocalRotation.z
      value: -0
      objectReference: {fileID: 0}
    m_RemovedComponents: []
  m_SourcePrefab: {fileID: 100100000, guid: b2be9b4ffc291194c96942bd60bdc25c, type: 3}
--- !u!4 &2054895095 stripped
Transform:
  m_CorrespondingSourceObject: {fileID: 4000011072209702, guid: b2be9b4ffc291194c96942bd60bdc25c, type: 3}
  m_PrefabInstance: {fileID: 2054895094}
  m_PrefabAsset: {fileID: 0}
--- !u!1001 &2103942116
PrefabInstance:
  m_ObjectHideFlags: 0
  serializedVersion: 2
  m_Modification:
    m_TransformParent: {fileID: 1788197487}
    m_Modifications:
    - target: {fileID: 6965253026782299961, guid: 9d13fa504c946414ea6d5c7067bfb74f, type: 3}
      propertyPath: m_Camera
      value: 
      objectReference: {fileID: 520711022}
    - target: {fileID: 7937270057960897858, guid: 9d13fa504c946414ea6d5c7067bfb74f, type: 3}
      propertyPath: m_RootOrder
      value: 0
      objectReference: {fileID: 0}
    - target: {fileID: 7937270057960897858, guid: 9d13fa504c946414ea6d5c7067bfb74f, type: 3}
      propertyPath: m_LocalPosition.x
      value: -27
      objectReference: {fileID: 0}
    - target: {fileID: 7937270057960897858, guid: 9d13fa504c946414ea6d5c7067bfb74f, type: 3}
      propertyPath: m_LocalPosition.y
      value: -2
      objectReference: {fileID: 0}
    - target: {fileID: 7937270057960897858, guid: 9d13fa504c946414ea6d5c7067bfb74f, type: 3}
      propertyPath: m_LocalPosition.z
      value: -1.09
      objectReference: {fileID: 0}
    - target: {fileID: 7937270057960897858, guid: 9d13fa504c946414ea6d5c7067bfb74f, type: 3}
      propertyPath: m_LocalRotation.w
      value: 0.7071068
      objectReference: {fileID: 0}
    - target: {fileID: 7937270057960897858, guid: 9d13fa504c946414ea6d5c7067bfb74f, type: 3}
      propertyPath: m_LocalRotation.x
      value: 0
      objectReference: {fileID: 0}
    - target: {fileID: 7937270057960897858, guid: 9d13fa504c946414ea6d5c7067bfb74f, type: 3}
      propertyPath: m_LocalRotation.y
      value: 0.7071068
      objectReference: {fileID: 0}
    - target: {fileID: 7937270057960897858, guid: 9d13fa504c946414ea6d5c7067bfb74f, type: 3}
      propertyPath: m_LocalRotation.z
      value: 0
      objectReference: {fileID: 0}
    - target: {fileID: 7937270057960897858, guid: 9d13fa504c946414ea6d5c7067bfb74f, type: 3}
      propertyPath: m_LocalEulerAnglesHint.x
      value: 0
      objectReference: {fileID: 0}
    - target: {fileID: 7937270057960897858, guid: 9d13fa504c946414ea6d5c7067bfb74f, type: 3}
      propertyPath: m_LocalEulerAnglesHint.y
      value: 90
      objectReference: {fileID: 0}
    - target: {fileID: 7937270057960897858, guid: 9d13fa504c946414ea6d5c7067bfb74f, type: 3}
      propertyPath: m_LocalEulerAnglesHint.z
      value: 0
      objectReference: {fileID: 0}
    - target: {fileID: 7937270057960897859, guid: 9d13fa504c946414ea6d5c7067bfb74f, type: 3}
      propertyPath: m_Name
      value: Enemy
      objectReference: {fileID: 0}
    - target: {fileID: 8762346624092190049, guid: 9d13fa504c946414ea6d5c7067bfb74f, type: 3}
      propertyPath: m_PresetInfoIsWorld
      value: 1
      objectReference: {fileID: 0}
    m_RemovedComponents: []
  m_SourcePrefab: {fileID: 100100000, guid: 9d13fa504c946414ea6d5c7067bfb74f, type: 3}
--- !u!4 &2103942117 stripped
Transform:
  m_CorrespondingSourceObject: {fileID: 7937270057960897858, guid: 9d13fa504c946414ea6d5c7067bfb74f, type: 3}
  m_PrefabInstance: {fileID: 2103942116}
  m_PrefabAsset: {fileID: 0}
--- !u!114 &2103942118 stripped
MonoBehaviour:
  m_CorrespondingSourceObject: {fileID: -961616075095077768, guid: 9d13fa504c946414ea6d5c7067bfb74f, type: 3}
  m_PrefabInstance: {fileID: 2103942116}
  m_PrefabAsset: {fileID: 0}
  m_GameObject: {fileID: 0}
  m_Enabled: 1
  m_EditorHideFlags: 0
  m_Script: {fileID: 11500000, guid: 65cf481f21a513340b24b84d5c1d0168, type: 3}
  m_Name: 
  m_EditorClassIdentifier: 
